Cogmind - Beta 16 @@@ ROGUE MODE // 2025.11.30 @ 17:42:30 Player: Naughtyusername Result: Self-destructed Performance ------------- Evolutions (9) 4500 Regions Visited (30) 6000 Robots Destroyed (605) 3025 Value Destroyed (35235) 35235 Prototype IDs (180) 3600 Alien Tech Used (5) 1000 Bonus (22530) 22530 TOTAL SCORE: 75890 Bonus ------- Triggered High Security 500 High Alert Combat Kills 12382 Follower Combat Kills 484 Entered Garrisons 400 Acquired ECA 300 Met Zhirov 300 Met Warlord at Base 500 MAIN.C Attacked Warlord 500 Warlord Defense Kills 2942 Met Warlord at Research 2000 Invited to Help at Command 2000 Scanned by Researcher 500 Friendly Fire -278 Cogmind --------- Core Integrity 986/1600 Matter 300/300 Energy 100/100 System Corruption 32% Temperature Cool (0) Movement Core (50) Location -1/Access Parts ------- > --- POWER (3) -------- (None) > --- PROPULSION (6) --- (None) > --- UTILITY (13) ----- (None) > --- WEAPON (3) ------- (None) > --- INVENTORY (5) ---- Concept Zero-point Core Thunder Leg Concept Chromion Battery (800) Experimental Kinecellerator Crosscalibrator Peak State ------------ > --- POWER ------------ Experimental Antimatter Reactor Experimental Antimatter Reactor Concept Zero-point Core > --- PROPULSION ------- Experimental VSS Leg Experimental VSS Leg Experimental Armored Exoskeleton > --- UTILITY ---------- Concept Phasing Heat Sink 2N-1CE's Frost Array Concept Antigrav Storage Unit Spectral Analyzer Core Analyzer Experimental Armor Integrity Analyzer Concept Cloak Mesh Concept Cloak Mesh Centrium Medium Armor Plating Concept RG22 Armor Graphene Brace Concept Beam Splitter Concept Network Penetrator > --- WEAPON ----------- Concept Plasma Driver Concept Plasma Driver Concept Plasma Driver > --- INVENTORY -------- Experimental Antimatter Reactor Concept Zero-point Core Concept Chromion Battery Concept Chromion Battery Concept NT7 Matterbank Experimental Active Sensor Suite Advanced Terrain Scan Processor Concept Weapon Articulator Experimental Kinecellerator Improved Phase Shifter Concept Hardlight Director Concept Antimissile System Concept Matter Streamer Crosscalibrator Concept Impact Drone Bay High-powered Transdimensional Reconstructor Subatomic Replicator Concept Disintegration Ray Concept Disintegration Ray Concept Miniperforator Concept Heavy Railcannon Concept Rapid Grenade Launcher [Rating: 294] Favorites ----------- Power Particle Reactor Engine Ion Engine Power Core Neutrino Core Reactor Particle Reactor Propulsion Enhanced Armored Leg Treads Light Treads Leg Enhanced Armored Leg Wheel Armored Huge Wheel Hover Unit Experimental Gyrokinetic Inverter Utility Experimental Targeting Computer Device Advanced Heat Sink Storage High-capacity Storage Unit Processor Experimental Targeting Computer Hackware Concept Network Penetrator Protection Centrium Medium Armor Plating Weapon Antimatter Cannon Energy Gun Heavy Gatling Laser Energy Cannon Long-range Phase Cannon Ballistic Gun Heavy Assault Rifle Ballistic Cannon Antimatter Cannon Launcher Concept Rapid Grenade Launcher Special Weapon Mining Laser Impact Weapon Great Maul Slashing Weapon Sigix Broadsword Special Melee Weapon Datajack Build | -11 -10 -10 -10 -9 -8 -8 -8 -7 -7 -7 -6 -6 -5 -5 -5 -5 -4 -4 -4 -4 -4 -4 -4 -3 -3 -3 -2 -2 -2 -1 ------- Run | Yrd Mat Min Exi Min Mat Gar Mat Fac Low Low Fac Gar Fac Upp Upp Zhi Pro Fac Was Fac Upp Upp War Pro Res Qua Res Tes Frg Acc Slots Evolved 18 | . . . . . 4 . . 2 . . 2 . 2 . . . . 2 . . . . . . 2 . 2 . . 2 Power 2 | . . . . . . . . . . . . . 1 . . . . . . . . . . . . . 1 . . . Propulsion 4 | . . . . . 2 . . . . . 1 . 1 . . . . . . . . . . . . . . . . . Utility 11 | . . . . . 1 . . 2 . . 1 . . . . . . 2 . . . . . . 2 . 1 . . 2 Weapon 1 | . . . . . 1 . . . . . . . . . . . . . . . . . . . . . . . . . Parts Attached 364 | 7 4 . 1 3 26 14 18 31 5 . 5 16 23 3 4 3 11 15 . 26 3 2 12 . 7 8 27 16 67 7 Power 41 | 1 . . . 1 2 2 1 2 . . 1 1 4 . 1 . 2 . . 2 . 1 1 . . . 6 1 12 . Engine 10 | 1 . . . 1 1 1 1 2 . . 1 . 1 . . . . . . . . . . . . . . . 1 . Core 8 | . . . . . 1 1 . . . . . . 1 . 1 . 2 . . . . 1 . . . . . . 1 . Reactor 23 | . . . . . . . . . . . . 1 2 . . . . . . 2 . . 1 . . . 6 1 10 . Propulsion 88 | 2 . . . 1 12 4 6 8 2 . 1 7 7 . 1 . 2 5 . 1 . . 1 . 2 . 9 2 14 1 Treads 23 | 2 . . . 1 12 3 3 . . . . 2 . . . . . . . . . . . . . . . . . . Leg 57 | . . . . . . 1 3 3 1 . . 5 7 . 1 . 1 5 . 1 . . 1 . 2 . 9 2 14 1 Wheel 7 | . . . . . . . . 5 1 . 1 . . . . . . . . . . . . . . . . . . . Hover 1 | . . . . . . . . . . . . . . . . . 1 . . . . . . . . . . . . . Flight . | . . . . . . . . . . . . . . . . . . . . . . . . . . . . . . . Utility 144 | 2 1 . . . 5 4 6 6 3 . 3 7 9 1 1 2 2 7 . 17 3 1 5 . 4 4 9 8 30 4 Device 83 | 1 . . . . 1 2 3 5 3 . 2 4 6 1 1 . 1 3 . 11 1 1 2 . 2 4 4 7 16 2 Storage 11 | 1 1 . . . . . . . . . 1 . . . . 1 . . . . . . 1 . . . 1 1 4 . Processor 18 | . . . . . . 1 1 . . . . 2 2 . . . . 1 . 3 1 . 1 . 1 . 2 . 2 1 Hackware 1 | . . . . . . . . . . . . . . . . . . . . . . . . . . . . . . 1 Protection 31 | . . . . . 4 1 2 1 . . . 1 1 . . 1 1 3 . 3 1 . 1 . 1 . 2 . 8 . Artifact . | . . . . . . . . . . . . . . . . . . . . . . . . . . . . . . . Weapon 91 | 2 3 . 1 1 7 4 5 15 . . . 1 3 2 1 1 5 3 . 6 . . 5 . 1 4 3 5 11 2 Energy Gun 24 | . . . . . . 1 . 4 . . . . 1 . 1 . 3 1 . 3 . . 1 . 1 1 . 3 3 1 Energy Cannon 21 | . . . . . . . . 5 . . . . 1 1 . . 1 2 . 2 . . . . . 1 2 2 4 . Ballistic Gun 15 | 2 2 . . 1 5 1 3 . . . . . 1 . . . . . . . . . . . . . . . . . Ballistic Cannon 10 | . . . . . . . . 3 . . . 1 . . . . . . . . . . 2 . . 1 1 . 1 1 Launcher 10 | . . . . . 1 . 2 2 . . . . . 1 . . 1 . . . . . 1 . . . . . 2 . Special Weapon 4 | . 1 . . . . 1 . . . . . . . . . 1 . . . . . . 1 . . . . . . . Impact Weapon 2 | . . . . . 1 1 . . . . . . . . . . . . . . . . . . . . . . . . Slashing Weapon 4 | . . . . . . . . 1 . . . . . . . . . . . 1 . . . . . 1 . . 1 . Piercing Weapon . | . . . . . . . . . . . . . . . . . . . . . . . . . . . . . . . Special Melee Weapon 1 | . . . 1 . . . . . . . . . . . . . . . . . . . . . . . . . . . Unidentified Prototypes 62 | . . . . . . . . 10 . . . 1 . . . 3 3 1 . 4 . . 6 . 1 2 5 11 15 . Corrupted Parts 12 | . . . . . . . . 1 . . . . . . . . . . . . . 1 . . . . . . 10 . System Corruption 83 | . . . . . . . . 10 . . . . . . . . . . . . . 6 . . . . . . 67 . Parts Lost 115 | . . . . 2 8 6 4 23 1 . . 4 15 . 2 . 5 . . 2 . 2 . . . 3 . . 22 16 Power 16 | . . . . . 1 1 1 2 . . . . 2 . 1 . . . . . . 1 . . . . . . 5 2 Propulsion 27 | . . . . 1 1 1 . 9 1 . . 1 5 . 1 . 2 . . . . . . . . 1 . . 3 1 Utility 44 | . . . . . 3 3 3 7 . . . 3 4 . . . 3 . . 2 . . . . . 1 . . 7 8 Weapon 28 | . . . . 1 3 1 . 5 . . . . 4 . . . . . . . . 1 . . . 1 . . 7 5 Highest Loss Streak 12 | . . . . 2 2 2 2 9 1 . . 2 12 . 1 . 4 . . 1 . 2 . . . 1 . . 6 7 To Critical Strikes 1 | . . . . . . . . . . . . . 1 . . . . . . . . . . . . . . . . . Average Backups 17 | 1 4 8 9 10 13 14 14 12 11 12 13 17 17 17 19 19 19 19 19 19 20 19 19 18 18 19 18 18 20 21 Power 1 | . 1 1 1 1 1 1 1 . 1 1 1 2 1 2 1 1 1 1 1 . . . . . . . . . 1 2 Propulsion 1 | . . 1 1 1 3 6 2 . 1 1 . 1 . . . . . . . . 1 1 1 . . . . . . . Utility 7 | . . . . 1 2 1 4 2 . . . 3 5 6 7 8 8 8 8 10 13 13 14 13 13 12 11 9 10 12 Weapon 5 | . 2 6 6 5 3 3 5 5 8 9 9 9 8 7 7 8 7 8 9 5 4 2 2 4 4 4 4 5 6 4 Tool/Special . | . . . . . . . . . . . . . . . . . . . . . . . . . . . . . . . Unused Backups 47 | . 1 . . 1 2 3 3 5 1 . . 2 . 4 1 . . . . 1 . . 2 . 1 3 1 3 3 10 Power 7 | . . . . . . 1 1 . . . . 1 . 1 . . . . . . . . 1 . . . . . . 2 Propulsion 11 | . . . . . 2 2 2 . . . . 1 . . . . . . . . . . 1 . 1 . . . 1 1 Utility 16 | . . . . 1 . . . 3 . . . . . . . . . . . 1 . . . . . 1 1 2 2 5 Weapon 9 | . 1 . . . . . . 2 . . . . . 2 1 . . . . . . . . . . 1 . 1 . 1 Tool/Special 4 | . . . . . . . . . 1 . . . . 1 . . . . . . . . . . . 1 . . . 1 Average Slot Usage (%) 93 | . 98 100 100 99 98 98 99 83 81 84 76 85 95 100 99 86 97 97 100 99 100 99 94 94 94 91 90 87 84 81 Engine 2 | . 14 14 14 14 3 2 8 6 7 7 6 5 3 . . . . . . . . . . . . . . . . . Core 1 | . . . . . 5 6 . . . . . . . . 1 5 9 10 10 1 . 3 . . . . . . . 3 Reactor 5 | . . . . . . . . . . . . . 6 11 9 5 . . . 8 10 5 5 5 4 4 10 13 10 7 Treads 7 | . 28 28 28 28 35 35 27 . . . . . . . . . . . . . . . . . . . . . . . Leg 18 | . . . . . . . 8 18 5 7 . 5 32 35 35 35 28 28 31 30 31 31 31 31 28 27 24 22 16 11 Wheel 1 | . . . . . . . . 7 17 15 19 14 . . . . . . . . . . . . . . . . . . Device 14 | . 12 14 14 13 9 7 14 17 20 23 23 25 11 11 11 10 9 13 21 15 14 14 6 5 8 13 13 11 21 24 Storage 6 | . 14 14 14 14 9 9 9 6 7 7 6 6 5 5 5 5 5 5 5 5 5 5 5 5 4 4 4 4 4 3 Processor 11 | . . . . . . 1 . . . . . 3 15 17 17 17 17 15 15 19 21 21 25 26 28 23 23 22 10 10 Protection 3 | . . . . . 8 9 2 4 . . . 2 . . . . . 4 . . . . 4 4 4 4 3 4 6 7 Energy Gun 3 | . . . . . . 3 7 2 . . . . 2 5 4 . 10 12 . 5 10 10 2 . . . 1 . 2 . Energy Cannon 3 | . . . . . . . . 2 . . . . 4 5 4 . . . 15 9 4 3 4 4 4 3 2 4 5 9 Ballistic Gun 6 | . 27 28 18 28 26 20 19 8 . . . . . 5 5 . . . . . . . . . . . . . . . Ballistic Cannon 2 | . . . . . . . . 1 21 23 20 18 6 . . . . . . . . . 7 9 9 3 . . . . Peak Build Rating 294 | 7 10 10 10 10 28 32 38 48 54 50 66 105 111 108 106 103 113 135 130 139 138 138 160 155 169 189 204 218 277 294 Average Rating 117 | 5 7 10 9 9 20 28 31 37 49 50 59 74 103 106 103 90 109 125 129 134 136 135 147 152 165 177 192 209 231 273 On Entrance 96 | . 7 10 10 10 10 28 32 36 36 50 50 66 101 105 104 102 103 108 130 130 134 138 137 153 153 167 180 204 215 277 Avg Prop Armor Cover (%) 3 | . . . . . . 4 . 3 4 4 . 5 . . . . . . . . . . . . . . . . 2 . Naked Turns 2 | . . . . . . . . . . . . . . . . . . . . . . . . . . . . . . 2 Heaviest Build 168 | 15 32 32 32 32 43 46 51 59 59 58 85 91 100 95 96 93 104 106 106 114 95 93 128 127 128 129 136 162 168 158 Greatest Support 202 | 40 40 40 40 40 91 92 89 54 48 38 66 96 115 103 108 108 108 116 116 130 130 130 140 140 156 156 171 202 182 152 Greatest Overweight (x) 3 | . . . . 1 . . . 3 1 1 1 2 1 . . . 1 1 . 1 . . . . . . . . 1 3 Average Overweight (x) . | . . . . . . . . . 1 1 . . . . . . . . . . . . . . . . . . . . Largest Inventory Capacity 25 | 8 15 15 15 15 15 15 15 15 15 15 20 20 20 20 20 20 20 20 20 20 20 20 20 20 20 20 25 20 25 25 Average Capacity 18 | 7 8 15 15 15 15 15 15 14 15 15 19 20 20 20 20 20 20 20 20 20 20 20 20 20 20 20 20 20 23 24 Most Carried 25 | 2 9 9 9 13 15 15 15 15 15 15 19 20 20 20 20 20 20 20 20 20 20 20 20 20 20 20 20 20 25 25 Average Carried 17 | 1 4 8 9 10 13 14 14 12 14 15 15 19 18 18 19 19 19 19 19 19 19 19 19 18 18 19 19 19 22 22 Final Capacity 25 | 8 15 15 15 15 15 15 15 15 15 15 20 20 20 20 20 20 20 20 20 20 20 20 20 20 20 20 20 20 25 5 Final Carried 23 | 2 8 9 9 13 15 15 15 15 15 15 19 20 16 18 18 19 20 20 20 20 20 20 18 20 20 19 20 20 23 5 Class Distribution -------------------- 29% | Scavenger-Gunner 16% | Tank 15% | Mutant 10% | Gunner 9% | Scavenger-Mutant 7% | Scavenger-Assassin 5% | Scavenger-Tank Dominant Class ---------------- Mutant | -10/Materials Mutant | -10/Mines Mutant | -10/Exiles Mutant | -9/Mines Tank | -8/Materials Tank | -8/Garrison Gunner | -8/Materials Scavenger-Mutant | -7/Factory Scavenger-Gunner | -7/Lower Caves Scavenger-Gunner | -7/Lower Caves Scavenger-Gunner | -6/Factory Tank | -6/Garrison Scavenger-Gunner | -5/Factory Scavenger-Gunner | -5/Upper Caves Scavenger-Gunner | -5/Upper Caves Scavenger-Mutant | -5/Zhirov Scavenger-Mutant | -4/Proximity Caves Scavenger-Gunner | -4/Factory Scavenger-Gunner | -4/Waste Scavenger-Gunner | -4/Factory Scavenger-Gunner | -4/Upper Caves Scavenger-Gunner | -4/Upper Caves Gunner | -4/Warlord Gunner | -3/Proximity Caves Gunner | -3/Research Gunner | -3/Quarantine Scavenger-Assassin | -2/Research Scavenger-Assassin | -2/Testing Scavenger-Tank | -2/Protoforge Tank | -1/Access Resources | -11 -10 -10 -10 -9 -8 -8 -8 -7 -7 -7 -6 -6 -5 -5 -5 -5 -4 -4 -4 -4 -4 -4 -4 -3 -3 -3 -2 -2 -2 -1 ----------- Run | Yrd Mat Min Exi Min Mat Gar Mat Fac Low Low Fac Gar Fac Upp Upp Zhi Pro Fac Was Fac Upp Upp War Pro Res Qua Res Tes Frg Acc Matter Collected 15619 | 296 251 107 . 229 1184 1199 746 875 229 . 86 915 682 56 286 98 286 159 . 930 340 206 746 103 121 657 370 692 3054 716 Remotely 779 | . . . . . . . . . 25 . . 23 . . . . . . . . . . . . . . . . 426 305 Salvage Created 28206 | 101 297 91 . 414 1857 999 1184 1253 155 . 63 589 1087 52 253 323 421 1102 . 2524 187 715 652 54 189 1035 459 1434 7516 3200 Parts 1200 | 7 22 6 . 25 80 42 59 87 8 . 1 23 52 . 5 4 8 39 . 101 13 17 29 6 3 59 19 72 279 134 Haulers Intercepted 19 | . . . . . 4 . 3 1 . . . . 1 . . . . 1 . 5 . . . . 1 . . . . 3 Recyclers Shooed 7 | . . . . . 1 . 1 1 . . . . 1 . . . . 1 . 1 . . . . . . . . . 1 Parts Field Recycled . | . . . . . . . . . . . . . . . . . . . . . . . . . . . . . . . Retrieved Matter . | . . . . . . . . . . . . . . . . . . . . . . . . . . . . . . . Parts Self-Destructed 49 | . . . . . . . . . 6 . . . . 1 5 3 2 . . . 11 15 . 6 . . . . . . Prevented . | . . . . . . . . . . . . . . . . . . . . . . . . . . . . . . . Parts Restored 14 | . . . . . . . . . . . . . . . . . . . . . . . . . . . . . 14 . Faulty 14 | . . . . . . . . . . . . . . . . . . . . . . . . . . . . . 14 . Kills | -11 -10 -10 -10 -9 -8 -8 -8 -7 -7 -7 -6 -6 -5 -5 -5 -5 -4 -4 -4 -4 -4 -4 -4 -3 -3 -3 -2 -2 -2 -1 ------- Run | Yrd Mat Min Exi Min Mat Gar Mat Fac Low Low Fac Gar Fac Upp Upp Zhi Pro Fac Was Fac Upp Upp War Pro Res Qua Res Tes Frg Acc Combat Hostiles Destroyed 495 | . 10 5 . 11 31 21 26 29 4 . 2 24 19 . 7 . 4 14 . 33 8 11 25 4 1 19 6 15 128 38 Melee 5 | . . . . . . . . 3 . . . . 1 . . . . . . . . . . . . . . . 1 . Guns 162 | . 10 5 . 11 30 21 20 9 . . . . 7 . 4 . 1 9 . 10 3 9 . . . 1 . . 11 1 Cannons 171 | . . . . . . . . 4 4 . 2 24 11 . . . . 2 . 14 . . 8 2 1 9 2 11 48 29 AOE 94 | . . . . . 1 . 6 13 . . . . . . 3 . 2 . . 6 5 . 17 2 . 6 . . 31 2 Classes Destroyed 32 | 2 4 . . 2 4 . 3 3 . . . 2 1 1 . . . . . . 1 1 1 . . . . 1 6 . Worker 27 | . 1 . . . 1 . . 8 . . . . 1 . . . . . . 5 . . . . . . . 2 2 7 Builder 18 | . 1 . . . . . . 3 . . . . 2 . . . . 1 . 1 . . . . . 1 . . 3 6 Tunneler 3 | 2 . . . . . . . . . . . . . . . . . 1 . . . . . . . . . . . . Hauler 19 | . . . . . 4 . 3 1 . . . . 1 . . . . 1 . 5 . . . . 1 . . . . 3 Recycler 9 | 1 . . . 1 3 . 1 2 . . . . . . . . . . . . . . . . . 1 . . . . Carrier 1 | . . . . . . . . . . . . . . . . . . . . . . . . . . . . . 1 . Minesweeper 1 | . . . . . . . . . . . . . . . . . . . . . 1 . . . . . . . . . Mechanic 7 | . . . . . . . 2 2 . . . . . . . . . . . . . . . . . . . . 3 . Operator 6 | . . . . . . . 1 1 . . . . 1 . . . . 1 . . . . . . . . . 1 . 1 Drone 5 | . . . . . . . . . . . . . . . . . . . . . . . . . . . . . 5 . Watcher 12 | . . . . . 1 . . 1 . . . 1 . . . . . 1 . 2 . . . . . 1 . 1 . 4 Swarmer 63 | . 6 4 . 4 4 4 5 3 . . . 2 . . . . . 4 . . 6 . 6 4 . 7 . . . 4 Cutter 6 | . . . . . . . . 3 . . . 3 . . . . . . . . . . . . . . . . . . Saboteur 9 | . . . . . . . . . . . . . 1 . . . . . . . . . 2 . . . . . 6 . Grunt 178 | . 4 1 . 5 17 11 12 7 4 . 1 10 5 . 5 . 3 5 . 12 2 8 6 . . 2 2 5 38 13 Brawler 15 | . . . . 1 . 3 1 1 . . . 1 1 . . . . . . 1 . . . . . . . . 5 1 Duelist 20 | . . . . 1 1 . 3 . . . . . 1 . . . 1 . . . . . . . . . . . 11 2 Protector 11 | . . . . . . . 1 3 . . . . . . . . . . . . . . 3 . . . . . 4 . Researcher 5 | . . . . . . . . . . . . . . . . . . . . . . . . . . . . 2 3 . Sentry 44 | . . . . . 8 3 3 . . . 1 6 4 . 1 . . 1 . 5 . . . . 1 . . . 10 1 Specialist 4 | . . . . . . . . 3 . . . . . . . . . . . . . . 1 . . . . . . . Hunter 26 | . . . . . 1 . 1 3 . . . . 2 . . . . 2 . 4 . . 4 . . . . 3 . 6 Programmer 66 | . . . . . . . . 6 . . . . 5 . 1 . . 2 . 10 . 2 1 . . 10 2 7 13 7 Q-Series 4 | . . . . . . . . . . . . . . . . . . . . . . . . . . . . . 2 2 Behemoth 3 | . . . . . . . . . . . . 1 . . . . . . . 1 . . . . . . . . . 1 Hotshot 4 | . . . . . . . . . . . . . . . . . . . . . . . . . . . . . 4 . Decapitator 12 | . . . . . . . . . . . . . . . . . . . . . . . . . . . . . 12 . Immortal 10 | . . . . . . . . . . . . . . . . . . . . . . . . . . . . . 10 . Striker 4 | . . . . . . . . . . . . . . . . . . . . . . . 2 . . . 2 . . . Executioner 2 | . . . . . . . . . . . . 2 . . . . . . . . . . . . . . . . . . Alpha 7 3 | . . . . . . . . . . . . . . . . . . . . . . . . . . . . . 2 1 V-Series 6 | . . . . . . . . . . . . . . . . . . . . . . . . . . . . . 6 . Decomposer 2 | . . . . . . . . . 1 . . . . . . . . . . . . 1 . . . . . . . . Samaritan 3 | . . . . . . . . . . . . . . 1 2 . . . . . . . . . . . . . . . Tinkerer 1 | . . . . . . . . . . . . . . . . . . . . . . . . . . . . . 1 . Thug 1 | . . . . . . . . . . . . . . . . . 1 . . . . . . . . . . . . . Mutant 1 | . . . . . . . . . . . . . . . . . . . . . . 1 . . . . . . . . Best Kill Streak 19 | 2 3 3 . 5 5 4 7 19 4 . 1 3 6 . 5 . 4 6 . 8 5 4 10 4 1 7 6 5 14 12 Combat Bots Only 16 | . 3 3 . 5 4 4 5 16 4 . 1 3 6 . 5 . 4 4 . 8 5 4 10 4 1 5 6 5 12 9 Max Kills in Single Turn 5 | 1 2 1 . 1 3 2 2 3 2 . 1 1 2 1 2 . 1 3 . 5 2 1 4 2 1 3 1 1 5 3 Gunslinging 2 | . 1 . . . . 1 . . . . . . . . . . . 2 . . . . . . . . . . . . Exploded 4 | . . . . . 1 . 2 3 . . . . . . 2 . 1 . . 3 2 . 4 2 . 3 . . 4 1 Melee 1 | . . . . . . . . 1 . . . . 1 . . . . . . . . . . . . . . . 1 . Uniques/NPCs Destroyed . | . . . . . . . . . . . . . . . . . . . . . . . . . . . . . . . Combat | -11 -10 -10 -10 -9 -8 -8 -8 -7 -7 -7 -6 -6 -5 -5 -5 -5 -4 -4 -4 -4 -4 -4 -4 -3 -3 -3 -2 -2 -2 -1 -------- Run | Yrd Mat Min Exi Min Mat Gar Mat Fac Low Low Fac Gar Fac Upp Upp Zhi Pro Fac Was Fac Upp Upp War Pro Res Qua Res Tes Frg Acc Hostile Shots Fired 2423 | . 41 22 . 49 136 110 105 246 8 . 19 148 134 . 46 . 48 45 . 186 11 64 33 8 8 111 16 112 385 332 Missed 738 | . 17 9 . 12 28 27 38 78 1 . 7 59 27 . 19 . 13 16 . 57 1 23 10 1 5 31 3 29 105 122 Hits 1685 | . 24 13 . 37 108 83 67 168 7 . 12 89 107 . 27 . 35 29 . 129 10 41 23 7 3 80 13 83 280 210 Melee 117 | . . . . 1 1 . 4 7 . . . 6 6 . . . 9 . . . . . . . . . 4 . 76 3 Projectile 1568 | . 24 13 . 36 107 83 63 161 7 . 12 83 101 . 27 . 26 29 . 129 10 41 23 7 3 80 9 83 204 207 AOE 13 | . . . . . . . . 3 . . . . 1 . . . . . . 1 . . . . . . 1 . 5 2 Critical Strikes 132 | . . . . 1 4 3 6 8 . . . 3 7 . 1 . 5 1 . 5 . 4 2 . . 7 2 6 55 12 Actively Blocked 45 | . . . . . . . . . . . . . . . . . . . . . . . . . . . . . 33 12 Part Disruptions 13 | . . . . . . . . 2 . . . . . . . . . . . . . . . . . . . 1 8 2 Damage Taken 36282 | . 255 114 . 388 1648 1153 1442 2813 126 . 110 1097 2159 . 476 . 909 500 . 2519 178 839 433 78 57 1736 510 1224 9733 5785 Core 3679 | . 90 23 . 51 129 130 128 522 35 . 18 75 225 . 63 . 28 46 . 243 21 134 44 . . 107 114 53 854 546 Absorbed by Shields 4101 | . . . . . . 136 . . . . . 158 67 . . . . . . 134 . . 140 75 29 355 . 795 1652 560 Redirected to Shielding 61 | . . . . . 4 . . . . . . . . . . . . . . . . . . . . . . . 57 . Ignored by Resistances 648 | . . . . . . . . 134 . . . . . . . . . 52 . . . . . . . . . . . 462 Regen/Repaired (Parts) 2838 | . . . . . . . . . . . . . . . . . . . . 268 . . 438 . . 462 230 399 565 476 Core Remaining (%) 57 | 100 . . . 34 . . 29 . . 20 . 89 . . . . 68 . . . . . . 57 . 91 . . 27 . Volleys Fired 1531 | 6 31 13 . 26 96 85 63 64 4 . 3 80 42 7 31 3 9 24 5 131 43 33 48 7 25 93 19 56 367 117 Largest 3 | 2 2 2 . 2 3 3 3 3 3 . 3 3 3 3 3 1 3 3 3 3 3 3 3 3 3 3 1 1 3 3 Hottest 420 | 40 100 46 . 46 81 106 112 180 99 . 99 120 278 218 203 7 245 300 300 305 305 305 215 215 215 215 120 120 420 420 Shots Fired 2887 | 12 56 26 . 51 278 230 176 131 12 2 9 191 110 10 49 3 19 69 11 248 55 77 104 11 33 111 19 55 512 217 Gun 1314 | 12 52 26 . 51 276 228 166 96 . . . . 36 3 18 . 11 54 . 74 16 61 1 . . 4 1 . 113 15 Cannon 1471 | . . . . . . . . 23 12 2 9 191 74 7 26 . 4 15 11 173 36 16 87 9 33 105 18 55 367 198 Launcher 95 | . . . . . 2 2 10 12 . . . . . . 5 . 4 . . 1 3 . 16 2 . 2 . . 32 4 Special 7 | . 4 . . . . . . . . . . . . . . 3 . . . . . . . . . . . . . . Kinetic 1176 | 12 52 26 . 51 276 225 123 47 12 2 9 191 33 2 8 . . . . . . . 64 4 8 19 . . 2 10 Thermal 1274 | . 4 . . . . 3 43 65 . . . . 77 8 36 . 12 15 11 215 52 77 24 5 25 76 10 31 297 188 Explosive 83 | . . . . . 2 2 10 10 . . . . . . 5 . 4 . . 1 3 . 6 2 . 2 . . 32 4 Electromagnetic 276 | . . . . . . . . 9 . . . . . . . . 3 54 . 32 . . . . . 10 8 24 136 . Entropic 75 | . . . . . . . . . . . . . . . . . . . . . . . 10 . . 4 1 . 45 15 Robot Hit Streak 62 | 3 9 6 . 7 16 30 13 17 4 5 7 14 21 . 13 10 23 19 21 43 22 62 11 12 4 11 10 23 38 26 Robot Miss Streak 5 | 3 3 5 . 3 3 3 4 5 1 . 3 2 3 . 1 . . 4 1 1 2 5 3 1 1 4 1 1 5 2 Penetration Max 2 | . . . . . . . . . . . . . . . . . . . . . . . . . . . . . 2 1 Secondary Targets 26 | . 1 . . 2 6 5 4 . . . . . . . . . . 3 . 2 . 2 . . . . . . 1 . Max Gunslinging Chain 2 | . 1 . . 1 1 1 1 . . . . . . . . . . 2 . 1 . 1 . . . . . . 1 . Shots Hit Robots 1744 | 6 30 15 4 34 182 159 115 89 8 1 5 112 78 . 22 9 14 47 8 124 17 55 64 2 5 55 17 46 331 90 Core Hits 1095 | 4 15 7 . 17 76 52 63 98 6 1 4 45 36 . 20 3 17 23 2 90 20 47 53 7 4 32 5 21 268 59 Critical Kills 33 | . . . . . . . . 1 . . . . . . . . . . . 1 . . . . . 1 2 1 17 10 Critical Parts Destroyed 7 | 1 . . . . . . . 3 . . . . . . . . . . . . . . . . . 1 . . 2 . Critical Strikes 81 | 1 . . . . . . 2 9 1 . . 11 7 . . . . . . 1 . . 7 1 . 3 3 1 24 10 Burn 9 | . . . . . . . 2 5 . . . . 2 . . . . . . . . . . . . . . . . . Meltdown 30 | . . . . . . . . . . . . . . . . . . . . 1 . . . . . 1 2 1 15 10 Destroy 4 | 1 . . . . . . . 1 . . . . . . . . . . . . . . . . . . . . 2 . Blast 26 | . . . . . . . . . 1 . . 11 5 . . . . . . . . . 7 1 . 1 . . . . Corrupt 3 | . . . . . . . . . . . . . . . . . . . . . . . . . . . 1 . 2 . Smash 3 | . . . . . . . . 3 . . . . . . . . . . . . . . . . . . . . . . Sever 3 | . . . . . . . . . . . . . . . . . . . . . . . . . . . . . 3 . Detonate 3 | . . . . . . . . . . . . . . . . . . . . . . . . . . 1 . . 2 . Melee Attacks 148 | . . . 4 . 2 39 5 26 1 . . 15 5 . . 6 8 8 . . . . . . . . . 14 15 . Impact 60 | . . . . . 2 38 5 15 . . . . . . . . . . . . . . . . . . . . . . Slashing 83 | . . . . . . . . 11 1 . . 15 5 . . 6 8 8 . . . . . . . . . 14 15 . Piercing . | . . . . . . . . . . . . . . . . . . . . . . . . . . . . . . . Sneak Attacks 33 | . . . 4 . . 1 . 11 1 . . 3 3 . . . 1 1 . . . . . . . . . 6 2 . Combat Hostiles 1 | . . . . . . . . 1 . . . . . . . . . . . . . . . . . . . . . . Follow-up Attacks . | . . . . . . . . . . . . . . . . . . . . . . . . . . . . . . . Damage Inflicted 93559 | 102 468 217 . 546 2981 2339 3009 5271 347 35 185 4330 3195 37 1539 508 1054 2159 348 6584 1098 1949 6914 373 181 2976 729 2905 31533 9647 Guns 21696 | 102 442 217 . 516 2666 2247 1731 1158 . . . . 734 . 298 . 195 1483 . 2208 442 1835 . . . 160 . . 4948 314 Cannons 41864 | . . . . . . . . 398 266 35 185 4015 2129 . 141 . 105 568 348 2668 74 114 2385 74 181 2261 729 1868 15542 7778 Explosions 24651 | . . . . . 238 . 1253 2478 . . . . . . 1023 . 656 2 . 1528 582 . 4529 299 . 555 . . 10041 1467 Melee 4622 | . . . . . . 84 . 1188 81 . . 260 258 . . 508 98 106 . . . . . . . . . 1037 1002 . Ramming 726 | . 26 . . 30 77 8 25 49 . . . 55 74 37 77 . . . . 180 . . . . . . . . . 88 Kinetic 16319 | 102 442 217 . 516 2666 2247 1284 510 266 35 185 4015 1073 . 157 . . . . . . . 1736 74 147 641 . . 6 . Thermal 37565 | . . . . . . . 647 945 . . . . 1790 . 282 . 300 568 348 4730 516 1949 649 . 34 1479 415 926 14209 7778 Explosive 18866 | . . . . . 238 . 1053 2102 . . . . . . 1023 . 656 . . 808 582 . 917 299 . 365 . . 9356 1467 Electromagnetic 8812 | . . . . . . . . 477 . . . . . . . . . 1485 . 866 . . . . . 331 314 942 4397 . Impact 560 | . . . . . . 84 . 476 . . . . . . . . . . . . . . . . . . . . . . Slashing 4062 | . . . . . . . . 712 81 . . 260 258 . . 508 98 106 . . . . . . . . . 1037 1002 . Piercing . | . . . . . . . . . . . . . . . . . . . . . . . . . . . . . . . Entropic 6649 | . . . . . . . . . . . . . . . . . . . . . . . 3612 . . 160 . . 2563 314 Highest Corruption 32 | . . . . . . . 15 17 17 14 . 1 14 14 11 11 11 1 1 8 8 14 14 2 . 19 1 8 23 32 Average Corruption 7 | . . . . . . . 7 5 16 14 . 1 10 13 10 11 11 1 1 3 8 12 3 2 . 7 1 2 10 11 Corruption Purged 92 | . . . . . . . . . 3 . . . . 5 . . . . . . . . . . . . . . 84 . Corruption Blocked . | . . . . . . . . . . . . . . . . . . . . . . . . . . . . . . . Effects 591 | . . . . . . . 37 26 21 10 . 12 16 24 40 11 17 . . 63 39 50 2 6 . 31 1 20 126 39 Message Errors 133 | . . . . . . . 6 6 3 4 . 2 8 7 10 3 4 . . 12 17 12 . 1 . 7 . 6 22 3 Matter Fused 129 | . . . . . . . 9 7 3 3 . 3 2 3 9 1 5 . . 14 5 12 1 . . 9 . 2 29 12 Heat Flow Errors 71 | . . . . . . . 4 1 2 . . 1 . 2 7 2 1 . . 11 4 5 . 2 . 4 . 2 17 6 Energy Discharges 56 | . . . . . . . 2 2 6 . . 1 . 2 2 2 3 . . 7 5 3 . 1 . 4 . 4 12 . Parts Rejected 7 | . . . . . . . 2 . . . . . . . . . . . . 1 . . . . . 1 . . 3 . Parts Fused 3 | . . . . . . . . . . . . . . . . . . . . . . . . . . . . . 2 1 Data Loss (minor) 78 | . . . . . . . 6 6 3 1 . 3 2 5 4 . 1 . . 6 5 7 . . . 3 . 5 16 5 Data Loss (major) 32 | . . . . . . . 1 2 1 . . . 1 2 3 3 1 . . 3 2 3 . 1 . . . . 8 1 Misfires 22 | . . . . . . . 1 . 1 2 . 1 . 1 2 . 2 . . 2 1 2 1 . . 1 . . 3 2 Alerts 18 | . . . . . . . 2 2 . . . . . 2 1 . . . . 1 . 3 . 1 . . 1 . 4 1 Misdirections 5 | . . . . . . . . . 1 . . . . . . . . . . . . . . . . 1 . . 1 2 Weapon Failures 37 | . . . . . . . 4 . 1 . . 1 3 . 2 . . . . 6 . 3 . . . 1 . 1 9 6 Overload Shots . | . . . . . . . . . . . . . . . . . . . . . . . . . . . . . . . Overflow Damage 4509 | . . . . . 14 . 93 451 71 . . 69 144 32 75 67 . 162 . 159 46 . 125 43 . 56 2 396 1495 1009 Projectiles 2336 | . . . . . . . . 1 . . . 38 26 . . . . 86 . 29 . . 32 17 . 39 2 23 1064 979 Explosions 807 | . . . . . 14 . 93 129 . . . . . . 57 . . . . 123 46 . 93 26 . 17 . . 209 . Melee 1366 | . . . . . . . . 321 71 . . 31 118 32 18 67 . 76 . 7 . . . . . . . 373 222 30 Knockbacks 49 | . 2 . . . . . 1 3 4 . 1 23 2 . . . . . . 2 . . 2 . . 8 . . . 1 Impact 10 | . 2 . . . . . 1 3 . . . 1 . . . . . . . 2 . . . . . . . . . 1 Kinetic 35 | . . . . . . . . . 3 . 1 20 2 . . . . . . . . . 2 . . 7 . . . . Secondary 4 | . . . . . . . . . 1 . . 2 . . . . . . . . . . . . . 1 . . . . Self-Inflicted Damage 1478 | . . . . . . . 227 270 . . . . . . . . 21 . . 12 . . . . . 70 . . 756 122 Shots 41 | . . . . . . . 3 12 . . . . . . . . 1 . . 1 . . . . . 1 . . 20 3 Rammed 23 | . 4 . . 6 9 3 1 . . . . . . . . . . . . . . . . . . . . . . . Targets Rammed 72 | . 5 . . 7 12 3 2 13 . . . 1 8 1 6 . . . . 10 . . . . . . . . . 4 Kicked 43 | . . . . . . . . 13 . . . 1 8 1 6 . . . . 10 . . . . . . . . . 4 Crushed 6 | . 1 . . 1 3 . 1 . . . . . . . . . . . . . . . . . . . . . . . Highest Temperature 540 | . 40 18 . 71 114 286 224 168 218 . 9 217 372 258 243 223 140 214 63 366 32 . 374 161 . 77 92 287 239 540 Average Temperature 65 | . 13 6 . 27 30 65 49 44 76 . 6 118 125 114 74 116 44 61 42 119 32 . 97 45 . 44 41 80 53 217 Received Heat Transfer 5256 | . 93 15 . 147 729 482 531 603 63 . 39 248 471 . 138 . 130 30 . 404 21 142 55 . 13 23 9 46 578 246 Effects 9 | . . . . . . 2 . . . . . . 4 . . . . . . 1 . . 1 . . . . . . 1 Energy Bleed 2 | . . . . . . 1 . . . . . . 1 . . . . . . . . . . . . . . . . . Interference 6 | . . . . . . 1 . . . . . . 3 . . . . . . 1 . . 1 . . . . . . . Short Circuit 1 | . . . . . . . . . . . . . . . . . . . . . . . . . . . . . . 1 Siege Activations . | . . . . . . . . . . . . . . . . . . . . . . . . . . . . . . . Martial Activations . | . . . . . . . . . . . . . . . . . . . . . . . . . . . . . . . Shielding Activations . | . . . . . . . . . . . . . . . . . . . . . . . . . . . . . . . Robots Disrupted 1 | . . . . . . . . . . . . . . . . . . . . . . . . . . . . . 1 . Combat Hostiles 1 | . . . . . . . . . . . . . . . . . . . . . . . . . . . . . 1 . Robots Corrupted 46 | . . . . . . . . 2 . . . 1 . 1 2 . . 4 . 3 . . . . . 2 2 4 23 2 Combat Hostiles 34 | . . . . . . . . . . . . . . . . . . 3 . 2 . . . . . 2 2 3 22 . Parts Fried 100 | . . . . . . . . 5 . . . . . . 4 . . 22 . 12 . . . . . 4 . 10 41 2 Impact Corruptions 15 | . . . . . . . . 5 . . . 1 . 2 4 . . . . 1 . . . . . . . . . 2 Robots Melted 33 | . . . . . . . . . . . . . . . . . 1 . . 1 . 2 . . . 1 2 1 15 10 Combat Hostiles 28 | . . . . . . . . . . . . . . . . . 1 . . 1 . 2 . . . 1 2 1 14 6 Parts Melted 88 | . . . . 1 . . 3 2 . . . . 2 . 2 . . 2 . 9 1 8 . . . 1 5 3 35 14 Heat Transferred 31059 | . . . . . . . 1419 1505 . . . . 1819 . 370 . 370 407 296 4955 824 3111 573 . 37 1160 333 703 8479 4698 Parts Sabotaged 3 | . . . . . . . . . . . . . 3 . . . . . . . . . . . . . . . . . Parts Stolen . | . . . . . . . . . . . . . . . . . . . . . . . . . . . . . . . Parts Stripped . | . . . . . . . . . . . . . . . . . . . . . . . . . . . . . . . Power Chain Reactions 7 | . . . . . . . . 3 . . . . . . . . . . . 1 . . . . . . . . 3 . Alert | -11 -10 -10 -10 -9 -8 -8 -8 -7 -7 -7 -6 -6 -5 -5 -5 -5 -4 -4 -4 -4 -4 -4 -4 -3 -3 -3 -2 -2 -2 -1 ------- Run | Yrd Mat Min Exi Min Mat Gar Mat Fac Low Low Fac Gar Fac Upp Upp Zhi Pro Fac Was Fac Upp Upp War Pro Res Qua Res Tes Frg Acc Maximum Alert Level 5 | . . . . . 1 4 4 3 . . . 4 2 . . . . 1 . 3 . . . . . 1 . 1 5 5 Low Security (%) 37 | 100 100 100 . 100 60 . . . . . 100 11 . . . . . 69 100 23 . . . . 100 58 100 85 19 . Level 1 14 | . . . . . 39 12 . . . . . 6 . . . . . 30 . 45 . . . . . 41 . 14 10 . Level 2 17 | . . . . . . 26 26 61 . . . 24 100 . . . . . . 20 . . . . . . . . 11 . Level 3 13 | . . . . . . 33 62 37 . . . 31 . . . . . . . 10 . . . . . . . . 10 . Level 4 6 | . . . . . . 26 11 . . . . 25 . . . . . . . . . . . . . . . . 10 . Level 5 9 | . . . . . . . . . . . . . . . . . . . . . . . . . . . . . 36 72 High Security 1 | . . . . . . . . . . . . . . . . . . . . . . . . . . . . . . 27 Max Security . | . . . . . . . . . . . . . . . . . . . . . . . . . . . . . . . Peak Influence 3615 | 5 136 79 . 160 394 1524 1232 963 . . 175 1196 634 . . . . 261 91 721 . . . . 32 347 191 247 3615 3434 Initial 2168 | . . 3 . . 22 226 742 555 . . 175 82 627 . . . . 9 91 25 . . . . 27 14 191 46 120 2168 Average 652 | 1 34 19 . 54 147 860 875 666 . . 142 765 565 . . . . 115 68 356 . . . . 4 159 58 81 1301 2681 Influence Increases 18148 | 15 283 183 . 331 932 1358 1071 1097 90 . 53 1194 610 . 175 5 115 435 6 1357 190 255 523 90 81 744 143 582 4445 1785 Destroy 0b10 Robot/C 9980 | . 200 140 . 220 620 540 520 520 80 . 40 560 380 . 140 . 80 280 . 660 160 220 480 80 20 380 120 340 2460 740 Destroy 0b10 Robot/NC 640 | 15 10 . . 5 45 5 40 105 . . . 5 25 . . 5 10 25 . 65 5 5 15 . 5 15 . 20 110 105 Destroy Leader 1550 | . 40 20 . 40 170 40 136 104 10 . 10 30 92 . 20 . 10 64 . 154 10 30 . 10 12 62 20 42 280 144 Allied During Kill 105 | . . 8 . . . 40 3 . . . . 26 . . . . . . . . . . 28 . . . . . . . Successful Hack 348 | . 13 . . 6 41 . 53 22 . . . 7 45 . . . . 29 . 39 . . . . 6 12 . 12 51 12 Select Force Hacks 30 | . . . . . . . 30 . . . . . . . . . . . . . . . . . . . . . . . Disable Machine 1440 | . . 15 . 15 30 30 90 240 . . . 60 30 . . . . 15 . 165 . . . . . 165 . 105 405 75 Anti-Garrison Action 1000 | . . . . . . 500 . . . . . 350 . . . . . . . . . . . . . . . . 150 . Destroy Structure 2355 | . 5 . . . 11 143 124 46 . . 3 66 38 . . . . 22 6 274 . . . . 38 110 3 33 914 519 Lose Combat Pursuer 600 | . 15 . . 45 15 60 75 60 . . . 90 . . 15 . 15 . . . 15 . . . . . . 30 75 90 Active Sensor Use 100 | . . . . . . . . . . . . . . . . . . . . . . . . . . . . . . 100 Influence Decreases 14759 | 15 275 191 . 273 642 182 1372 1368 561 203 213 116 1197 512 272 5 100 189 230 677 737 425 155 416 97 429 401 451 1044 2011 Entered New Map 5623 | . . 5 . . 36 122 782 668 353 93 103 36 569 226 19 . . 6 170 12 267 33 . 368 15 12 150 37 94 1447 Time Decay 7841 | 15 275 186 . 263 526 . 510 470 198 110 110 . 478 286 233 5 70 183 60 645 470 372 60 48 82 387 251 414 730 404 Lost Part 1120 | . . . . 10 80 60 40 230 10 . . 40 150 . 20 . 30 . . 20 . 20 . . . 30 . . 220 160 Lost Ally 175 | . . . . . . . 40 . . . . 40 . . . . . . . . . . 95 . . . . . . . Squads Dispatched 112 | . 1 . . . 4 . 5 7 . . . . 7 . . . . 2 . 13 . . . . 1 4 4 9 26 29 Investigation 9 | . . . . . 1 . 1 1 . . . . 1 . . . . . . 3 . . . . . . 1 . . 1 Extermination 31 | . . . . . . . . 2 . . . . 2 . . . . . . 6 . . . . 1 4 . 4 8 4 Reinforcement 26 | . 1 . . . 3 . 1 2 . . . . 2 . . . . 2 . 3 . . . . . . 3 2 2 5 Assault 42 | . . . . . . . 2 2 . . . . 2 . . . . . . 1 . . . . . . . . 16 19 Garrison 4 | . . . . . . . 1 . . . . . . . . . . . . . . . . . . . . 3 . . Intercept . | . . . . . . . . . . . . . . . . . . . . . . . . . . . . . . . Searches Triggered . | . . . . . . . . . . . . . . . . . . . . . . . . . . . . . . . Unchained Authorized 1 | . . . . . . . . . . . . . . . . . . . . . . . . . . . . . . 1 Construction Impeded 3 | . . . . . . . . . . . . . 1 . . . . . . . . . . . . . . . . 2 Haulers Reinforced 6 | . . . . . . . . . . . . . . . . . . 1 . 2 . . . . . . 2 . . 1 Active Scanning Responses 1 | . . . . . . . . . . . . . . . . . . . . . . . . . . . . . . 1 Cargo Convoy Interrupts 1 | . . . . . . . . 1 . . . . . . . . . . . . . . . . . . . . . . Stealth | -11 -10 -10 -10 -9 -8 -8 -8 -7 -7 -7 -6 -6 -5 -5 -5 -5 -4 -4 -4 -4 -4 -4 -4 -3 -3 -3 -2 -2 -2 -1 --------- Run | Yrd Mat Min Exi Min Mat Gar Mat Fac Low Low Fac Gar Fac Upp Upp Zhi Pro Fac Was Fac Upp Upp War Pro Res Qua Res Tes Frg Acc Distress Signals 30 | . 1 . . . 5 . 6 1 . . . . . . . . . . . 4 . . . . . . 10 . . 3 Communications Jammed 25 | . . . . . . . . . . . . . . . . . . 13 . . . . . . . 1 . . 11 . Distress Signals 24 | . . . . . . . . . . . . . . . . . . 13 . . . . . . . 1 . . 10 . Times Spotted 714 | . 19 8 . 13 43 31 43 48 4 . 4 35 21 . 8 . 5 17 5 44 8 11 50 5 1 24 14 19 130 104 Peak Tracking Total 32 | . 4 3 . 4 5 4 6 12 4 . 4 7 6 . 5 . 4 4 4 5 3 4 9 4 2 3 6 3 11 32 Tactical Retreats 31 | . 1 . . 1 1 2 4 1 . . . 4 . . 1 . 1 . 1 2 1 . . 1 . . 1 2 4 3 ECM-based Alert Blocks 13 | . . . . . . . . . . . . . . . . . . . . 8 . . . 4 . . 1 . . . Traps | -11 -10 -10 -10 -9 -8 -8 -8 -7 -7 -7 -6 -6 -5 -5 -5 -5 -4 -4 -4 -4 -4 -4 -4 -3 -3 -3 -2 -2 -2 -1 ------- Run | Yrd Mat Min Exi Min Mat Gar Mat Fac Low Low Fac Gar Fac Upp Upp Zhi Pro Fac Was Fac Upp Upp War Pro Res Qua Res Tes Frg Acc Traps Triggered 34 | . . . . . 1 1 5 3 . . . 9 3 . . . . 1 . 2 . . . . . 3 . . 5 1 Indirectly 3 | . . . . . . . . 3 . . . . . . . . . . . . . . . . . . . . . . Trap Hack Attempts . | . . . . . . . . . . . . . . . . . . . . . . . . . . . . . . . Triggered . | . . . . . . . . . . . . . . . . . . . . . . . . . . . . . . . Disarmed . | . . . . . . . . . . . . . . . . . . . . . . . . . . . . . . . Reprogrammed . | . . . . . . . . . . . . . . . . . . . . . . . . . . . . . . . Reused . | . . . . . . . . . . . . . . . . . . . . . . . . . . . . . . . Traps Extracted . | . . . . . . . . . . . . . . . . . . . . . . . . . . . . . . . Installed . | . . . . . . . . . . . . . . . . . . . . . . . . . . . . . . . Triggered . | . . . . . . . . . . . . . . . . . . . . . . . . . . . . . . . Most Traps Carried 6 | . . . . . . . . . . . . . . . . . . . . . 6 6 6 6 6 . . . . . Machines | -11 -10 -10 -10 -9 -8 -8 -8 -7 -7 -7 -6 -6 -5 -5 -5 -5 -4 -4 -4 -4 -4 -4 -4 -3 -3 -3 -2 -2 -2 -1 ---------- Run | Yrd Mat Min Exi Min Mat Gar Mat Fac Low Low Fac Gar Fac Upp Upp Zhi Pro Fac Was Fac Upp Upp War Pro Res Qua Res Tes Frg Acc Machines Disabled 128 | . . 1 . 1 2 9 6 16 . . . 9 2 . . . . 1 . 11 . . 2 . . 11 . 7 45 5 Max in Single Turn 4 | . . 1 . 1 1 1 2 4 . . . 1 1 . . . . 1 . 4 . . 1 . . 1 . 1 3 2 Garrison Access 7 | . . . . . . . 1 . . . . . . . . . . . . 1 . . . . 1 1 2 . 1 . Garrison Relay 9 | . . . . . . 5 . . . . . 4 . . . . . . . . . . . . . . . . . . Phase Generator 1 | . . . . . . 1 . . . . . . . . . . . . . . . . . . . . . . . . Machines Repaired . | . . . . . . . . . . . . . . . . . . . . . . . . . . . . . . . Machines Dismantled 2 | . . . . . . 1 . . . . . . . . . . . . . . . . 1 . . . . . . . Machines Sabotaged . | . . . . . . . . . . . . . . . . . . . . . . . . . . . . . . . Overloaded Fab Kills . | . . . . . . . . . . . . . . . . . . . . . . . . . . . . . . . Hacking | -11 -10 -10 -10 -9 -8 -8 -8 -7 -7 -7 -6 -6 -5 -5 -5 -5 -4 -4 -4 -4 -4 -4 -4 -3 -3 -3 -2 -2 -2 -1 --------- Run | Yrd Mat Min Exi Min Mat Gar Mat Fac Low Low Fac Gar Fac Upp Upp Zhi Pro Fac Was Fac Upp Upp War Pro Res Qua Res Tes Frg Acc Machines Accessed 116 | . 8 . 1 1 9 5 12 8 . . 1 4 8 . . 4 . 6 . 17 . . 3 . 5 6 4 2 7 5 Terminals 68 | . 7 . . 1 6 5 9 2 . . . 4 4 . . . . 3 . 8 . . . . 4 3 1 2 6 3 Fabricators 6 | . . . . . . . . 1 . . . . 1 . . . . 1 . 2 . . . . . . . . . 1 Repair Stations 3 | . . . . . . . . 1 . . . . . . . . . . . 2 . . . . . . . . . . Recycling Units 12 | . 1 . . . 1 . 1 2 . . . . 2 . . . . 2 . 2 . . . . . . 1 . . . Scanalyzers 10 | . . . . . 1 . 1 2 . . . . 1 . . . . . . 1 . . . . . 2 1 . . 1 Garrison Access 9 | . . . . . 1 . 1 . . . 1 . . . . . . . . 2 . . . . 1 1 1 . 1 . Total Hacks 284 | . 36 . 1 3 35 10 41 19 . . 2 8 15 . . 17 . 9 . 32 . . 10 . 7 10 5 5 10 9 Successful 136 | . 15 . 1 1 19 2 25 7 . . 1 1 6 . . 17 . 4 . 13 . . 10 . 2 2 . 2 3 5 Failed 144 | . 21 . . 1 16 8 15 11 . . 1 7 9 . . . . 5 . 18 . . . . 5 8 5 3 7 4 Catastrophic 37 | . 2 . . . 2 2 1 3 . . 1 2 4 . . . . 2 . 4 . . . . 2 5 3 . 3 1 Database Lockouts 4 | . . . . 1 . . 1 1 . . . . . . . . . . . 1 . . . . . . . . . . Manual 131 | . 28 . . 3 29 2 26 3 . . 1 . 4 . . . . 4 . 12 . . . . 5 4 1 3 4 2 Terminals 175 | . 33 . . 3 26 10 31 5 . . . 8 9 . . . . 5 . 15 . . . . 6 4 1 5 9 5 Fabricators 11 | . . . . . . . . 2 . . . . 2 . . . . 1 . 4 . . . . . . . . . 2 Repair Stations 5 | . . . . . . . . 3 . . . . . . . . . . . 2 . . . . . . . . . . Recycling Units 24 | . 3 . . . 3 . 4 3 . . . . 2 . . . . 3 . 5 . . . . . . 1 . . . Scanalyzers 29 | . . . . . 3 . 5 6 . . . . 2 . . . . . . 4 . . . . . 5 2 . . 2 Garrison Access 12 | . . . . . 3 . 1 . . . 2 . . . . . . . . 2 . . . . 1 1 1 . 1 . Terminal Hacks 56 | . 4 . 1 1 2 2 6 2 . . . 1 2 . . 17 . 1 . 2 . . 10 . . . . . 3 2 Record 6 | . . . 1 . . . . . . . . . . . . 5 . . . . . . . . . . . . . . Part Schematic 4 | . . . . . . . . . . . . . . . . 4 . . . . . . . . . . . . . . Robot Analysis 5 | . . . . 1 . . . . . . . . . . . 4 . . . . . . . . . . . . . . Prototype ID Bank 18 | . 2 . . . 1 . 2 . . . . . . . . 4 . . . . . . 9 . . . . . . . Open Door 4 | . . . . . . 1 . . . . . 1 . . . . . . . . . . 1 . . . . . . 1 Branch Access Points 3 | . . . . . . . . . . . . . 1 . . . . . . 1 . . . . . . . . . 1 Emergency Access Points 2 | . . . . . . 1 . . . . . . . . . . . . . . . . . . . . . . 1 . Terminal Index 4 | . 1 . . . 1 . 1 . . . . . . . . . . . . . . . . . . . . . 1 . Locate Traps 1 | . . . . . . . 1 . . . . . . . . . . . . . . . . . . . . . . . Transport Status 1 | . . . . . . . . 1 . . . . . . . . . . . . . . . . . . . . . . Hauler Manifests 5 | . 1 . . . . . . 1 . . . . 1 . . . . 1 . 1 . . . . . . . . . . Registered Components 1 | . . . . . . . 1 . . . . . . . . . . . . . . . . . . . . . . . Zone Layout 1 | . . . . . . . 1 . . . . . . . . . . . . . . . . . . . . . . . Proto ID Catalog 1 | . . . . . . . . . . . . . . . . . . . . . . . . . . . . . 1 . Fabricator Hacks 3 | . . . . . . . . . . . . . 1 . . . . . . 1 . . . . . . . . . 1 Network Status 3 | . . . . . . . . . . . . . 1 . . . . . . 1 . . . . . . . . . 1 Repair Station Hacks . | . . . . . . . . . . . . . . . . . . . . . . . . . . . . . . . Recycling Unit Hacks 6 | . 1 . . . 1 . 1 1 . . . . . . . . . 1 . 1 . . . . . . . . . . Retrieve Components 6 | . 1 . . . 1 . 1 1 . . . . . . . . . 1 . 1 . . . . . . . . . . Scanalyzer 14 | . . . . . 1 . 3 3 . . . . 1 . . . . . . 3 . . . . . 1 . . . 2 Insert Component 4 | . . . . . . . . 1 . . . . . . . . . . . 1 . . . . . . . . . 2 Retrieve Study 10 | . . . . . 1 . 3 2 . . . . 1 . . . . . . 2 . . . . . 1 . . . . Garrison Access Hacks 6 | . . . . . 1 . 1 . . . 1 . . . . . . . . 1 . . . . 1 1 . . . . Unlock Access 2 | . . . . . 1 . . . . . 1 . . . . . . . . . . . . . . . . . . . Seal Access 4 | . . . . . . . 1 . . . . . . . . . . . . 1 . . . . 1 1 . . . . Unauthorized Hacks 51 | . 10 . . . 14 . 14 1 . . . . 2 . . . . 2 . 5 . . . . 1 . . 2 . . Terminals 40 | . 10 . . . 13 . 12 . . . . . 1 . . . . 1 . . . . . . 1 . . 2 . . Track 5 | . . . . . 1 . 1 . . . . . 1 . . . . 1 . . . . . . . . . 1 . . Assimilate 2 | . 1 . . . 1 . . . . . . . . . . . . . . . . . . . . . . . . . Botnet 10 | . 3 . . . 4 . 3 . . . . . . . . . . . . . . . . . . . . . . . Disrupt 1 | . . . . . . . 1 . . . . . . . . . . . . . . . . . . . . . . . Operators 5 | . 1 . . . 1 . 1 . . . . . . . . . . . . . . . . . 1 . . 1 . . Skim 17 | . 5 . . . 6 . 6 . . . . . . . . . . . . . . . . . . . . . . . Fabricators 2 | . . . . . . . . . . . . . 1 . . . . . . 1 . . . . . . . . . . Haulers 2 | . . . . . . . . . . . . . 1 . . . . . . 1 . . . . . . . . . . Repair Stations 2 | . . . . . . . . . . . . . . . . . . . . 2 . . . . . . . . . . Patch 2 | . . . . . . . . . . . . . . . . . . . . 2 . . . . . . . . . . Recycling Units 7 | . . . . . 1 . 2 1 . . . . . . . . . 1 . 2 . . . . . . . . . . Recyclers 6 | . . . . . 1 . 1 1 . . . . . . . . . 1 . 2 . . . . . . . . . . Tunnel 1 | . . . . . . . 1 . . . . . . . . . . . . . . . . . . . . . . . Scanalyzers . | . . . . . . . . . . . . . . . . . . . . . . . . . . . . . . . Garrison Access . | . . . . . . . . . . . . . . . . . . . . . . . . . . . . . . . Data Cores Recovered 3 | . . . . . . . . . . . . . 1 . . . . 1 . . . . . . . . . . . 1 Used 1 | . . . . . . . . . . . . . . . . . . . . . . . . . . . . . . 1 Hacking Detections 94 | . 8 . . 1 9 4 10 7 . . 1 3 7 . . . . 5 . 14 . . . . 4 5 4 2 6 4 Full Trace Events 7 | . 1 . . . 1 . . 1 . . . 1 1 . . . . . . 1 . . . . . . 1 . . . Feedback Events 1 | . . . . . . . . . . . . 1 . . . . . . . . . . . . . . . . . . Corruption 1 | . . . . . . . . . . . . 1 . . . . . . . . . . . . . . . . . . Feedback Blocked . | . . . . . . . . . . . . . . . . . . . . . . . . . . . . . . . Robot Schematics Acquired 4 | . . . . . . . . . . . . . . . . . . . . . . . . . . . . 2 2 . Robots Built . | . . . . . . . . . . . . . . . . . . . . . . . . . . . . . . . Authchips . | . . . . . . . . . . . . . . . . . . . . . . . . . . . . . . . Time . | . . . . . . . . . . . . . . . . . . . . . . . . . . . . . . . Total Robot Build Rating . | . . . . . . . . . . . . . . . . . . . . . . . . . . . . . . . Part Schematics Acquired 18 | . . . . . . . . . . . . . . . . 4 . . . . . . . . . . . 9 5 . Parts Built . | . . . . . . . . . . . . . . . . . . . . . . . . . . . . . . . Authchips . | . . . . . . . . . . . . . . . . . . . . . . . . . . . . . . . Time . | . . . . . . . . . . . . . . . . . . . . . . . . . . . . . . . Total Part Build Rating . | . . . . . . . . . . . . . . . . . . . . . . . . . . . . . . . Part Studies Acquired 9 | . . . . . 1 . 3 1 . . . . 1 . . . . . . 2 . . . . . 1 . . . . Parts Repaired . | . . . . . . . . . . . . . . . . . . . . . . . . . . . . . . . Time . | . . . . . . . . . . . . . . . . . . . . . . . . . . . . . . . Parts Recycled . | . . . . . . . . . . . . . . . . . . . . . . . . . . . . . . . Recycled Matter . | . . . . . . . . . . . . . . . . . . . . . . . . . . . . . . . Retrieved Matter . | . . . . . . . . . . . . . . . . . . . . . . . . . . . . . . . Retrieved Components 21 | . . . . . 9 . 7 5 . . . . . . . . . . . . . . . . . . . . . . Parts Scanalyzed . | . . . . . . . . . . . . . . . . . . . . . . . . . . . . . . . Part Schematics Acquired . | . . . . . . . . . . . . . . . . . . . . . . . . . . . . . . . Parts Damaged . | . . . . . . . . . . . . . . . . . . . . . . . . . . . . . . . Bothacking | -11 -10 -10 -10 -9 -8 -8 -8 -7 -7 -7 -6 -6 -5 -5 -5 -5 -4 -4 -4 -4 -4 -4 -4 -3 -3 -3 -2 -2 -2 -1 ------------ Run | Yrd Mat Min Exi Min Mat Gar Mat Fac Low Low Fac Gar Fac Upp Upp Zhi Pro Fac Was Fac Upp Upp War Pro Res Qua Res Tes Frg Acc Used RIF Installer . | . . . . . . . . . . . . . . . . . . . . . . . . . . . . . . . Robots Hacked 8 | . . . 4 . . 1 . . . . . . . . . 3 . . . . . . . . . . . . . . Non-combat 3 | . . . 3 . . . . . . . . . . . . . . . . . . . . . . . . . . . Combat 5 | . . . 1 . . 1 . . . . . . . . . 3 . . . . . . . . . . . . . . Robot Hacks Applied 8 | . . . 4 . . 1 . . . . . . . . . 3 . . . . . . . . . . . . . . parse_system 8 | . . . 4 . . 1 . . . . . . . . . 3 . . . . . . . . . . . . . . Relay Couplers Released 41 | . . . . . . 20 . 3 . . . 16 . . . . . . . . . . . . . . 2 . . . Machine Destruction 38 | . . . . . . 20 . . . . . 16 . . . . . . . . . . . . . . 2 . . . Programmers 3 | . . . . . . . . 3 . . . . . . . . . . . . . . . . . . . . . . Fabnet Peak Effective % . | . . . . . . . . . . . . . . . . . . . . . . . . . . . . . . . Robots Rewired 6 | . . . . . . . . . . . . 1 . . . . . . . . . . 5 . . . . . . . Allies Hacked 1 | . . . . . . 1 . . . . . . . . . . . . . . . . . . . . . . . . Hacks Repelled . | . . . . . . . . . . . . . . . . . . . . . . . . . . . . . . . Allies | -11 -10 -10 -10 -9 -8 -8 -8 -7 -7 -7 -6 -6 -5 -5 -5 -5 -4 -4 -4 -4 -4 -4 -4 -3 -3 -3 -2 -2 -2 -1 -------- Run | Yrd Mat Min Exi Min Mat Gar Mat Fac Low Low Fac Gar Fac Upp Upp Zhi Pro Fac Was Fac Upp Upp War Pro Res Qua Res Tes Frg Acc Total Allies 15 | . . 2 . . . 4 . . . . . 4 . . . . . . . . . . 5 . . . . . . . Largest Group 5 | . . 2 2 . . 4 2 . . . . 3 . . . . . . . . . . 5 . . . . . . . Highest-Rated Group 276 | . . 41 41 . . 244 51 . . . . 276 . . . . . . . . . . 275 . . . . . . . Highest-Rated Ally 178 | . . 31 31 . . 178 31 . . . . 119 . . . . . . . . . . 68 . . . . . . . Initial Warlord ECA Mod 15 | . . . . . . . 10 9 9 9 8 8 15 15 15 15 14 14 14 14 14 14 14 13 13 13 12 12 12 11 Total Orders . | . . . . . . . . . . . . . . . . . . . . . . . . . . . . . . . Ally Attacks 63 | . . 5 . . . 12 10 . . . . 14 . . . . . . . . . . 22 . . . . . . . Total Damage 2070 | . . 85 . . . 385 104 . . . . 657 . . . . . . . . . . 839 . . . . . . . Kills 16 | . . 2 . . . 6 1 . . . . 5 . . . . . . . . . . 2 . . . . . . . Allies Corrupted . | . . . . . . . . . . . . . . . . . . . . . . . . . . . . . . . Allies Melted 2 | . . . . . . . . . . . . . . . . . . . . . . . . . . . 2 . . . Intel | -11 -10 -10 -10 -9 -8 -8 -8 -7 -7 -7 -6 -6 -5 -5 -5 -5 -4 -4 -4 -4 -4 -4 -4 -3 -3 -3 -2 -2 -2 -1 ------- Run | Yrd Mat Min Exi Min Mat Gar Mat Fac Low Low Fac Gar Fac Upp Upp Zhi Pro Fac Was Fac Upp Upp War Pro Res Qua Res Tes Frg Acc Active Infowar (turns) 24593 | 12 775 830 322 737 1055 310 1039 544 . . . 202 804 635 996 243 454 419 129 2456 1052 1033 1255 614 410 1151 1016 1164 3595 1341 Optics 10463 | . . . . . . 310 . . . . . . . . . . . . . . . . 1144 614 410 1151 1016 1164 3568 1086 Sensors 8383 | . . . . . . . . . . . . . . . . . . . . 1959 1052 1033 128 593 391 806 868 866 687 . A.S.S. 23 | . . . . . . . . . . . . . . . . . . . . . . . . . . . . . . 23 IFF 3224 | . . . . . . . . . . . . 182 714 635 996 243 454 . . . . . . . . . . . . . Terrain 620 | . . . . . . . . . . . . . . . . . . . . . . . . . . . 308 312 . . Seismic 5314 | 12 775 830 322 737 1055 . 1039 544 . . . . . . . . . . . . . . . . . . . . . . Decoding 446 | . . . . . . . . . . . . . . . . . . . . . . . . . 410 36 . . . . Machine Analysis 9 | . . . . . . . . . . . . . . . . . . . . 9 . . . . . . . . . . Cloaking 2909 | . . . . . . . . . . . . . . . . . . . . . . . . . . . . 399 1282 1228 Spoofing 346 | . . . . . . . . . . . . 20 90 . . . . 61 . 175 . . . . . . . . . . Jamming 5086 | . . . . . . . . . . . . . . . . . . 413 129 323 . . . . . 1114 479 173 2455 . ECM 324 | . . . . . . . . . . . . . 1 . . . . . . 127 . . . 50 . 131 15 . . . Robot Analysis Total 5 | . . . . 1 . . . . . . . . . . . 4 . . . . . . . . . . . . . . Derelict Logs Recovered 14 | . . 2 . 2 . . . . 1 1 . . . 1 1 . 1 . . . 3 2 . . . . . . . . Drone Launches . | . . . . . . . . . . . . . . . . . . . . . . . . . . . . . . . Drone Recoveries . | . . . . . . . . . . . . . . . . . . . . . . . . . . . . . . . Decoded 0b10 Intel 3 | . . . . . . . . . . . . . . . . . . . . . . . . . 3 . . . . . Traps 2 | . . . . . . . . . . . . . . . . . . . . . . . . . 2 . . . . . Garrisons 1 | . . . . . . . . . . . . . . . . . . . . . . . . . 1 . . . . . Exploration | -11 -10 -10 -10 -9 -8 -8 -8 -7 -7 -7 -6 -6 -5 -5 -5 -5 -4 -4 -4 -4 -4 -4 -4 -3 -3 -3 -2 -2 -2 -1 ------------- Run | Yrd Mat Min Exi Min Mat Gar Mat Fac Low Low Fac Gar Fac Upp Upp Zhi Pro Fac Was Fac Upp Upp War Pro Res Qua Res Tes Frg Acc Turns Passed 31840 | 129 843 830 322 783 1734 2040 1388 1186 410 227 226 1621 1229 635 1086 243 562 538 129 2793 1193 1145 1255 614 410 1151 1016 1164 3595 1343 Spaces Moved 20022 | 62 441 490 170 421 827 960 735 831 364 217 193 1058 820 503 808 185 410 272 87 1842 837 810 829 486 272 806 845 757 1779 905 Core 39 | 1 . . . . . . . 37 . . . . . . . . . . . . . . . . . . . . . 1 Treads 3907 | 61 441 490 170 421 827 960 537 . . . . . . . . . . . . . . . . . . . . . . . Legs 14210 | . . . . . . . 198 558 . . . 202 820 503 808 185 410 272 87 1842 837 810 829 486 272 806 845 757 1779 904 Wheels 1866 | . . . . . . . . 236 364 217 193 856 . . . . . . . . . . . . . . . . . . Hover . | . . . . . . . . . . . . . . . . . . . . . . . . . . . . . . . Flight . | . . . . . . . . . . . . . . . . . . . . . . . . . . . . . . . Fastest Speed 50 | 50 160 160 160 160 156 156 90 50 95 105 93 105 105 110 110 112 111 112 117 117 120 120 116 116 113 108 100 105 100 50 Average Speed 121 | 158 160 160 160 160 158 158 144 95 103 105 104 112 111 110 110 112 117 140 117 119 120 120 118 116 114 108 106 111 117 102 Slowest Speed 270 | 160 160 160 160 240 160 160 162 255 105 105 108 265 183 110 112 112 178 181 117 190 120 120 120 116 116 113 112 116 250 270 Overloaded Moves . | . . . . . . . . . . . . . . . . . . . . . . . . . . . . . . . Propulsion Burnouts . | . . . . . . . . . . . . . . . . . . . . . . . . . . . . . . . Robots Hopped . | . . . . . . . . . . . . . . . . . . . . . . . . . . . . . . . Potential Cave-ins 124 | . . . . . . . . 3 . . . . . . . . . . . 5 . . . . 4 . . . 49 63 Cave-ins Triggered 7 | . . . . . . . 1 . . . . . . . . . . . . . . . . . . . . . . 6 Teleports 2 | . . . . . . . . . . . . . . . . . . . . . . . . . . . . . 1 1 Exploration Rate (%) 59 | 5 89 99 59 96 81 94 64 19 58 39 5 85 14 76 83 60 70 9 73 49 85 79 92 64 12 84 42 88 47 33 Regions Visited 30 Branch Regions 16 Pre-discovered Areas 11 | . . 1 1 . 1 . 2 . 1 . . . . . . 3 . . . . 1 1 . . . . . . . . Known Exits Taken 17 | . . . . . 1 . 1 1 1 1 1 . 1 . . . . . . 1 1 1 1 1 1 1 1 1 1 . Unknown Exits Taken 9 | 1 1 1 1 1 . . . . . . . . . 1 1 1 1 . . . . . . . . . . . . . Scrap Searched 22 | . . 1 . 2 . . . . 5 . . . . 3 3 . 2 . . . 3 2 . 1 . . . . . . Spaces Dug 458 | . 3 . . . 2 5 23 19 . . . 13 5 7 9 . 7 9 1 46 37 3 15 34 11 15 . 9 113 72 Terrain Destroyed 1695 | . 4 . . . 3 98 135 61 4 1 4 45 19 8 65 . 51 10 3 159 73 12 130 39 25 82 1 13 358 292 Melee 48 | . . . . . 2 5 5 9 . . . 11 2 . . . 7 6 . . . . . . . . . 1 . . Projectile 712 | . 4 . . . . . . 10 4 1 4 34 17 8 22 . 1 4 3 96 34 12 2 6 25 37 1 12 166 209 AOE 934 | . . . . . 1 93 130 42 . . . . . . 43 . 43 . . 63 39 . 128 33 . 45 . . 191 83 Terrain Rammed . | . . . . . . . . . . . . . . . . . . . . . . . . . . . . . . . Walls Destroyed . | . . . . . . . . . . . . . . . . . . . . . . . . . . . . . . . Machines Disabled . | . . . . . . . . . . . . . . . . . . . . . . . . . . . . . . . Actions | -11 -10 -10 -10 -9 -8 -8 -8 -7 -7 -7 -6 -6 -5 -5 -5 -5 -4 -4 -4 -4 -4 -4 -4 -3 -3 -3 -2 -2 -2 -1 --------- Run | Yrd Mat Min Exi Min Mat Gar Mat Fac Low Low Fac Gar Fac Upp Upp Zhi Pro Fac Was Fac Upp Upp War Pro Res Qua Res Tes Frg Acc Total 24524 | 78 515 513 217 481 1056 1225 923 1060 385 216 209 1316 1024 579 949 211 457 360 106 2192 964 904 1003 522 335 967 948 970 2709 1130 Wait 1253 | 2 10 10 42 16 53 78 45 31 7 . . 53 81 48 85 . . 18 13 85 69 46 31 20 15 22 13 51 252 57 Move 19990 | 61 440 489 169 420 826 959 734 830 363 216 193 1056 819 502 807 184 409 272 86 1841 836 809 828 485 271 805 844 756 1778 902 Hop . | . . . . . . . . . . . . . . . . . . . . . . . . . . . . . . . Pick Up 257 | 2 9 1 . 6 20 7 13 22 2 . 5 10 8 10 5 3 5 4 1 17 1 2 11 2 4 8 7 10 54 8 Fast Attach 152 | 7 1 . . . 1 4 7 22 4 . 3 13 19 . . 2 5 2 . 7 . 1 2 . . 2 6 5 38 1 Attach 119 | . 3 . . 3 12 3 3 14 1 . 1 3 13 1 2 3 2 2 . 2 . 1 3 . 2 3 1 1 27 13 Detach 50 | . 3 . . 1 . 1 1 6 . . 1 3 3 . . 3 1 1 . 1 . . 2 . . 1 . 2 15 5 Swap 565 | . 7 . 2 1 17 31 32 13 1 . 1 9 23 4 10 4 13 22 . 77 15 10 17 8 14 24 34 58 106 12 Drop 263 | . 6 . . 1 17 7 18 19 2 . 2 14 3 6 3 3 5 7 1 21 . 2 15 . 4 9 24 17 55 2 Fire 1531 | 6 31 13 . 26 96 85 63 64 4 . 3 80 42 7 31 3 9 24 5 131 43 33 48 7 25 93 19 56 367 117 Melee 148 | . . . 4 . 2 39 5 26 1 . . 15 5 . . 6 8 8 . . . . . . . . . 14 15 . Ram . | . . . . . . . . . . . . . . . . . . . . . . . . . . . . . . . Kick 43 | . . . . . . . . 13 . . . 1 8 1 6 . . . . 10 . . . . . . . . . 4 Crush 29 | . 5 . . 7 12 3 2 . . . . . . . . . . . . . . . . . . . . . . . Escape Stasis 66 | . . . . . . . . . . . . 55 . . . . . . . . . . . . . . . . 2 9 Rewire 42 | . . . . . . . . . . . . 4 . . . . . . . . . . 38 . . . . . . . Trap . | . . . . . . . . . . . . . . . . . . . . . . . . . . . . . . . Miscellaneous 16 | . . . . . . 8 . . . . . . . . . . . . . . . . 8 . . . . . . . Route ------- -11/Scrapyard -10/Materials (discovered 4 exits: [*Mat x3] / [*Min]) -10/Mines (discovered 3 exits: [*Mat x2] / *Exi) -10/Exiles -9/Mines (discovered 2 exits: *Mat x2) -8/Materials (discovered 4 exits: *Fac x3 / Gar) -8/Garrison (discovered 3 exits: *Mat x3) -8/Materials (discovered 3 exits: *Fac x3) -7/Factory (discovered 6 exits: *Fac x3 / [*Sto] / *Low x2) -7/Lower Caves -7/Lower Caves (discovered 2 exits: *Fac / Zio) -6/Factory -6/Garrison (discovered 3 exits: *Fac x3) -5/Factory (discovered 2 exits: *Upp x2) -5/Upper Caves -5/Upper Caves (discovered 2 exits: *Fac / *Zhi) -5/Zhirov -4/Proximity Caves -4/Factory (discovered 2 exits: Upp / Ext) -4/Waste -4/Factory (discovered 7 exits: *Res x3 / *Upp x2 / *Ext x2) -4/Upper Caves -4/Upper Caves (discovered 2 exits: *Res / *War) -4/Warlord -3/Proximity Caves -3/Research -3/Quarantine -2/Research (discovered 4 exits: *Acc x2 / *Tes x2) -2/Testing (discovered 2 exits: [*Sec] / *Frg) -2/Protoforge -1/Access (discovered 1 exit: Com) History --------- Turn | Location | Event 22 | -11/Scrapyard | Discovered new exit (range 14) 130 | -11/Scrapyard | Entered Materials 314 | -10/Materials | Build established: Mutant 348 | -10/Materials | Discovered new exit (range 13) 482 | -10/Materials | Discovered new exit (range 9) 622 | -10/Materials | Discovered new exit (range 10) 811 | -10/Materials | Discovered new exit (range 10) 973 | -10/Materials | Entered Mines 1075 | -10/Mines | Learned 4 Materials zone layouts 1111 | -10/Mines | Deemed a non-threat by the Exiles lab entrance 1113 | -10/Mines | Discovered new exit (range 5) 1407 | -10/Mines | Discovered new exit (range 14) 1477 | -10/Mines | Learned Materials emergency access door positions 1485 | -10/Mines | Learned location of Storage (-7) 1509 | -10/Mines | Discovered new exit (range 15) 1803 | -10/Mines | Entered Exiles 1803 | -10/Exiles | Accompanied by 2 allies 1833 | -10/Exiles | Led the pair of lost Derelicts to a safe place 1843 | -10/Exiles | Met 8R-AWN 1874 | -10/Exiles | Met EX-HEX 1920 | -10/Exiles | Met EX-BIN 1971 | -10/Exiles | Met EX-DEC 2013 | -10/Exiles | Learned location of Zion (-7) 2069 | -10/Exiles | Discovered new exit (range 10) 2125 | -10/Exiles | Entered Mines 2240 | -9/Mines | Core integrity fell below 50% 2276 | -9/Mines | Central database locked down 2314 | -9/Mines | Learned Materials security intel 2790 | -9/Mines | Discovered new exit (range 5) 2797 | -9/Mines | Received a Rocket Launcher from a helpful Derelict 2870 | -9/Mines | Discovered new exit (range 7) 2908 | -9/Mines | Entered Materials 2908 | -8/Materials | Evolved 4 slots: Propulsion x2, Utility x1, Weapon x1 2909 | -8/Materials | Identified exit to Factory 2940 | -8/Materials | Identified exit to Garrison 3276 | -8/Materials | Build established: Tank 3749 | -8/Materials | Build established: Scavenger-Tank 4150 | -8/Materials | Learned 2 Storage zone layouts 4222 | -8/Materials | Learned location of 2 exits from Lower Caves 4245 | -8/Materials | Learned location of Extension (-4) 4252 | -8/Materials | Build established: Tank 4276 | -8/Materials | Learned Storage garrison access intel 4642 | -8/Materials | Entered Garrison 4726 | -8/Garrison | Triggered checkpoint 4788 | -8/Garrison | Garrison Relay disabled 4804 | -8/Garrison | Garrison Relay disabled 5048 | -8/Garrison | Triggered checkpoint 5224 | -8/Garrison | Triggered checkpoint 5296 | -8/Garrison | Garrison Relay disabled 5302 | -8/Garrison | Triggered checkpoint 5372 | -8/Garrison | Discovered new exit (range 13) 5472 | -8/Garrison | Triggered checkpoint 5599 | -8/Garrison | Discovered new exit (range 10) 5650 | -8/Garrison | Triggered checkpoint 5745 | -8/Garrison | Garrison Relay disabled 5887 | -8/Garrison | Rescued AZ-K3N 6126 | -8/Garrison | Triggered checkpoint 6174 | -8/Garrison | Triggered checkpoint 6271 | -8/Garrison | Rescued a captive Derelict 6274 | -8/Garrison | Rescued a captive Derelict 6311 | -8/Garrison | Discovered new exit (range 10) 6326 | -8/Garrison | Triggered checkpoint 6360 | -8/Garrison | Garrison Relay disabled 6582 | -8/Garrison | Phase Generator disabled 6682 | -8/Garrison | Entered Materials 6682 | -8/Materials | Accompanied by 2 allies 7015 | -8/Materials | Discovered exit to Factory (range 13) 7071 | -8/Materials | Build established: Gunner 7082 | -8/Materials | First assault squad dispatched 7159 | -8/Materials | Core integrity fell below 50% 7242 | -8/Materials | Garrison activated, responded to threat 7410 | -8/Materials | Learned 4 Factory zone layouts 7435 | -8/Materials | System corruption reached 10% 7512 | -8/Materials | Learned location of 3 exits from Factory 7550 | -8/Materials | Learned Factory trap positions 7959 | -8/Materials | Crushed by falling debris 8001 | -8/Materials | Central database locked down 8070 | -8/Materials | Entered Factory 8070 | -7/Factory | Evolved 2 slots: Utility x2 8071 | -7/Factory | Identified exit to Lower Caves 8072 | -7/Factory | Identified exit to Factory 8074 | -7/Factory | Loaded intel: 77 trap records 8382 | -7/Factory | Central database locked down 8468 | -7/Factory | Discovered new exit (range 3) 8470 | -7/Factory | First assault squad dispatched 8473 | -7/Factory | Build established: Mutant 8785 | -7/Factory | Lost 3 parts (2n1u) 8838 | -7/Factory | Cargo convoy interrupted 8859 | -7/Factory | Core integrity fell below 50% 8879 | -7/Factory | Destroyed 16 combat bots 8889 | -7/Factory | Lost 9 parts (1p4n1u3w) 9017 | -7/Factory | System corruption reached 10% 9044 | -7/Factory | Lost 3 parts (1p1n1u) 9156 | -7/Factory | Build established: Scavenger-Mutant 9246 | -7/Factory | Lost 3 parts (1n2u) 9256 | -7/Factory | Entered Lower Caves 9257 | -7/Lower Caves | Identified exit to Lower Caves 9262 | -7/Lower Caves | Met a Warlord Commander 9263 | -7/Lower Caves | Learned location of Warlord (-4) 9264 | -7/Lower Caves | Warlord Commander delivered Encrypted Comm Array 9267 | -7/Lower Caves | Found Encrypted Comm Array 9290 | -7/Lower Caves | Encountered a Warlord checkpoint 9486 | -7/Lower Caves | Learned Factory garrison access intel 9533 | -7/Lower Caves | Acquired the password to a Derelict Tinkerer's latest research 9662 | -7/Lower Caves | Build established: Scavenger-Gunner 9666 | -7/Lower Caves | Entered another Lower Caves area 9667 | -7/Lower Caves | Identified exit to Zion 9893 | -7/Lower Caves | Entered Factory 9893 | -6/Factory | Evolved 2 slots: Propulsion x1, Utility x1 9894 | -6/Factory | Loaded intel: 4 garrison access locations 10119 | -6/Factory | Identified exit to Garrison 10119 | -6/Factory | Entered Garrison 10203 | -6/Garrison | Triggered checkpoint 10221 | -6/Garrison | Garrison Relay disabled 10261 | -6/Garrison | Triggered checkpoint 10375 | -6/Garrison | Triggered checkpoint 10392 | -6/Garrison | Build established: Tank 10409 | -6/Garrison | Garrison Relay disabled 10427 | -6/Garrison | Rescued a captive Derelict 10542 | -6/Garrison | Discovered new exit (range 12) 10734 | -6/Garrison | Discovered new exit (range 10) 10772 | -6/Garrison | Garrison Relay disabled 10993 | -6/Garrison | Discovered new exit (range 13) 11015 | -6/Garrison | Triggered checkpoint 11049 | -6/Garrison | Found embedded Infiltrators 11066 | -6/Garrison | Garrison Relay disabled 11077 | -6/Garrison | Triggered checkpoint 11205 | -6/Garrison | Spotted Executioner 11221 | -6/Garrison | Destroyed Executioner 11231 | -6/Garrison | Rewired Executioner 11263 | -6/Garrison | Destroyed Executioner 11275 | -6/Garrison | Found Exp. Targeting Computer 11278 | -6/Garrison | Found Exp. Core Analyzer 11412 | -6/Garrison | Spotted B-75 Beast 11456 | -6/Garrison | Destroyed B-75 Beast 11594 | -6/Garrison | Attempted to access garrison exit controls, blocked by remote lockdown 11740 | -6/Garrison | Entered Factory 11740 | -5/Factory | Evolved 2 slots: Power x1, Propulsion x1 12040 | -5/Factory | First assault squad dispatched 12068 | -5/Factory | Identified exit to Upper Caves 12111 | -5/Factory | Build established: Scavenger-Gunner 12676 | -5/Factory | System corruption reached 10% 12738 | -5/Factory | Lost 12 parts (2p5n2u3w) 12969 | -5/Factory | Entered Upper Caves 12975 | -5/Upper Caves | Learned Factory garrison access intel 13247 | -5/Upper Caves | Encountered a Warlord checkpoint 13251 | -5/Upper Caves | Found DCF Scrap (16 items) 13447 | -5/Upper Caves | Discovered new exit (range 6) 13604 | -5/Upper Caves | Entered another Upper Caves area 13676 | -5/Upper Caves | Discovered new exit (range 15) 13723 | -5/Upper Caves | Found DCF Scrap (16 items) 14308 | -5/Upper Caves | Attracted the attention of an 0b10 checkpoint 14328 | -5/Upper Caves | Spotted B-75 Beast 14684 | -5/Upper Caves | Discovered new exit (range 6) 14690 | -5/Upper Caves | Entered Zhirov 14690 | -5/Zhirov | Discovered new exit (range 3) 14712 | -5/Zhirov | Met Zhirov 14737 | -5/Zhirov | Learned location of Quarantine (-3) 14737 | -5/Zhirov | Learned location of Testing (-2) 14737 | -5/Zhirov | Learned location of Command (-1) 14744 | -5/Zhirov | Zhirov requested help retrieving the SGEMP Prototype 14773 | -5/Zhirov | Found Alien Artifact 14773 | -5/Zhirov | Identified Integrated Dissipator 14773 | -5/Zhirov | Installed Integrated Dissipator, increased core heat dissipation (+20) 14820 | -5/Zhirov | Found Alien Artifact 14933 | -5/Zhirov | Entered Proximity Caves 14987 | -4/Proximity Caves | Encountered a Derelict guarding a broken Freighter 14990 | -4/Proximity Caves | Lost 4 parts (2n2u) 15012 | -4/Proximity Caves | Found Prototype Device 15012 | -4/Proximity Caves | Identified Thermal Barrier 15017 | -4/Proximity Caves | Found Prototype Launcher 15017 | -4/Proximity Caves | Identified Tactical Quantum Warhead 15305 | -4/Proximity Caves | Build established: Scavenger-Mutant 15410 | -4/Proximity Caves | Learned location of 1 exit from Upper Caves 15420 | -4/Proximity Caves | Spotted B-86 Titan 15486 | -4/Proximity Caves | Discovered new exit (range 8) 15495 | -4/Proximity Caves | Entered Factory 15495 | -4/Factory | Evolved 2 slots: Utility x2 15496 | -4/Factory | Identified exit to Upper Caves 15496 | -4/Factory | Identified exit to Extension 15497 | -4/Factory | Loaded intel: 4 garrison access locations 15920 | -4/Factory | Build established: Scavenger-Gunner 16033 | -4/Factory | Sucked down chute 16033 | -4/Factory | Entered Waste 16043 | -4/Waste | Spotted C-40 Crusher 16066 | -4/Waste | Spotted C-40 Crusher 16066 | -4/Waste | Spotted C-40 Crusher 16086 | -4/Waste | Spotted C-40 Crusher 16143 | -4/Waste | Spotted C-40 Crusher 16145 | -4/Waste | Discovered new exit (range 14) 16162 | -4/Waste | Entered Factory 16466 | -4/Factory | Spotted B-86 Titan 16605 | -4/Factory | Destroyed B-86 Titan 16751 | -4/Factory | Discovered new exit (range 14) 16884 | -4/Factory | Identified exit to Research 17089 | -4/Factory | Discovered exit to Extension (range 16) 17137 | -4/Factory | Discovered exit to Research (range 8) 17298 | -4/Factory | Found Prototype Device 17298 | -4/Factory | Identified Exp. ECM Suite 17537 | -4/Factory | Discovered exit to Extension (range 11) 17882 | -4/Factory | Central database locked down 17882 | -4/Factory | Identified Transdimensional Reconstructor 17930 | -4/Factory | Discovered exit to Research (range 9) 18132 | -4/Factory | Destroyed 8 combat bots 18318 | -4/Factory | Found Exp. Targeting Computer 18412 | -4/Factory | First assault squad dispatched 18955 | -4/Factory | Entered Upper Caves 18956 | -4/Upper Caves | Identified exit to Upper Caves 19065 | -4/Upper Caves | Learned Research emergency access door positions 19314 | -4/Upper Caves | Learned location of 1 exit from Research 19428 | -4/Upper Caves | Encountered a Warlord checkpoint 19887 | -4/Upper Caves | Attracted the attention of an 0b10 checkpoint 20148 | -4/Upper Caves | Entered another Upper Caves area 20392 | -4/Upper Caves | System corruption reached 10% 20730 | -4/Upper Caves | Discovered exit to Research (range 14) 20986 | -4/Upper Caves | Learned Research emergency access door positions 21188 | -4/Upper Caves | Discovered new exit (range 7) 21194 | -4/Upper Caves | Identified exit to Warlord 21293 | -4/Upper Caves | Entered Warlord 21333 | -4/Warlord | System corruption cleaned by Quarantine Array 21395 | -4/Warlord | Found Vortex Chain Reactor 21402 | -4/Warlord | Found Prototype Device 21404 | -4/Warlord | Found Prototype Processor 21404 | -4/Warlord | Identified Spectral Analyzer 21427 | -4/Warlord | Found Prototype Hackware 21659 | -4/Warlord | Received a Watcher feed algorithm from an ecstatic Tinkerer 21677 | -4/Warlord | Build established: Gunner 22062 | -4/Warlord | Warlord's base attacked by MAIN.C 22069 | -4/Warlord | Found Prototype Energy Gun 22069 | -4/Warlord | Identified Vortex Shotgun 22078 | -4/Warlord | Found Prototype Piercing Weapon 22083 | -4/Warlord | Found Vortex Shotgun 22085 | -4/Warlord | Identified Exp. Focal Shield 22099 | -4/Warlord | Found Prototype Launcher 22225 | -4/Warlord | Met Warlord 22233 | -4/Warlord | Build established: Commander-Gunner 22412 | -4/Warlord | Warlord forces counterattacked 22446 | -4/Warlord | Spotted Striker 22463 | -4/Warlord | Destroyed Striker 22484 | -4/Warlord | Destroyed 9 combat bots 22486 | -4/Warlord | Identified Vortex Catalyst Activator 22510 | -4/Warlord | Discovered new exit (range 22) 22510 | -4/Warlord | Spotted Striker 22517 | -4/Warlord | Lost 3 allies 22521 | -4/Warlord | Destroyed Striker 22542 | -4/Warlord | Destroyed 10 combat bots 22545 | -4/Warlord | Identified exit to Proximity Caves 22548 | -4/Warlord | Entered Proximity Caves 22854 | -3/Proximity Caves | Build established: Gunner 23019 | -3/Proximity Caves | Received a Behemoth hack from an annoying Tinkerer 23115 | -3/Proximity Caves | Discovered exit to Research (range 5) 23162 | -3/Proximity Caves | Entered Research 23162 | -3/Research | Evolved 2 slots: Utility x2 23163 | -3/Research | Identified exit to Quarantine 23407 | -3/Research | Spotted B-86 Titan 23572 | -3/Research | Entered Quarantine 23627 | -3/Quarantine | Found Exp. EM Disruption Field 23743 | -3/Quarantine | Found Alien Artifact 23979 | -3/Quarantine | Found Alien Artifact 23986 | -3/Quarantine | Found Alien Artifact 24073 | -3/Quarantine | Found Alien Slashing Weapon 24073 | -3/Quarantine | Identified Sigix Broadsword 24142 | -3/Quarantine | Discovered new exit (range 15) 24173 | -3/Quarantine | Identified exit to Research 24359 | -3/Quarantine | Build established: Assassin 24531 | -3/Quarantine | System corruption reached 10% 24723 | -3/Quarantine | Entered Research 24723 | -2/Research | Warlord forces began assault on 0b10 24723 | -2/Research | Evolved 2 slots: Power x1, Utility x1 24748 | -2/Research | Distinguished unit "Magnificent Bastards" dispatched to help 24748 | -2/Research | Distinguished unit "Cat Herders" dispatched to help 24833 | -2/Research | Research machine network offline 25097 | -2/Research | Spotted B-90 Cyclops 25134 | -2/Research | Lost 9 allies 25226 | -2/Research | Build established: Scavenger-Assassin 25317 | -2/Research | Borebot progress halted 25339 | -2/Research | Discovered new exit (range 20) 25372 | -2/Research | Found Exp. Core Analyzer 25393 | -2/Research | Identified exit to Access 25460 | -2/Research | Spotted Striker 25465 | -2/Research | Discovered new exit (range 15) 25470 | -2/Research | Found Prototype Protection 25470 | -2/Research | Identified Centrium Heavy Armor Plating 25487 | -2/Research | Spotted Striker 25490 | -2/Research | Discovered new exit (range 15) 25495 | -2/Research | Identified exit to Testing 25528 | -2/Research | Destroyed Striker 25531 | -2/Research | Lost 3 allies 25533 | -2/Research | Destroyed Striker 25640 | -2/Research | Discovered exit to Access (range 9) 25689 | -2/Research | Met DD-05H 25717 | -2/Research | Met up with Warlord 25723 | -2/Research | Warlord invited to help at Command 25723 | -2/Research | Given Cave Seal Controls access code 25725 | -2/Research | Spotted Striker 25726 | -2/Research | Spotted Executioner 25726 | -2/Research | Spotted Striker 25739 | -2/Research | Entered Testing 25752 | -2/Testing | Found Prototype Device 25752 | -2/Testing | Identified Exp. Hardlight Generator 25786 | -2/Testing | Found Prototype Device 25786 | -2/Testing | Identified 2N-1CE's Frost Array 25833 | -2/Testing | Found Prototype Energy Cannon 25833 | -2/Testing | Identified Imp. Potential Cannon 25837 | -2/Testing | Found Imp. Potential Cannon 25867 | -2/Testing | Found Prototype Energy Gun 25867 | -2/Testing | Identified Tachyon Dispersion Ray 26001 | -2/Testing | Found Prototype Energy Gun 26001 | -2/Testing | Identified Warp Gun 26019 | -2/Testing | Spotted Striker 26020 | -2/Testing | Spotted Striker 26556 | -2/Testing | Garrison activated, responded to threat 26690 | -2/Testing | Found Prototype Energy Gun 26690 | -2/Testing | Identified Hyp. EM Gauss Rifle 26819 | -2/Testing | Spotted Fortress 26896 | -2/Testing | Discovered new exit (range 6) 26896 | -2/Testing | Discovered new exit (range 6) 26901 | -2/Testing | Identified exit to Protoforge 26903 | -2/Testing | Entered Protoforge 26996 | -2/Protoforge | Spotted Hotshot 27002 | -2/Protoforge | Spotted Hotshot 27002 | -2/Protoforge | Spotted Hotshot 27003 | -2/Protoforge | Spotted Hotshot 27006 | -2/Protoforge | Spotted Hotshot 27129 | -2/Protoforge | Discovered exit to Access (range 20) 27186 | -2/Protoforge | Identified Dimensional Node Initializer 27186 | -2/Protoforge | Initialized slip node 27277 | -2/Protoforge | System corruption reached 10% 27436 | -2/Protoforge | Spotted Hotshot 27455 | -2/Protoforge | Superfortress began startup sequence 27642 | -2/Protoforge | Found Prototype Storage 27642 | -2/Protoforge | Identified Cep. Chromion Battery 27647 | -2/Protoforge | Found Cep. Chromion Battery 27658 | -2/Protoforge | Found Prototype Device 27658 | -2/Protoforge | Identified Exp. System Purifier 27679 | -2/Protoforge | Spotted Immortal 27695 | -2/Protoforge | Destroyed Immortal 27697 | -2/Protoforge | Spotted Immortal 27703 | -2/Protoforge | Spotted Immortal 27718 | -2/Protoforge | Destroyed Immortal 27743 | -2/Protoforge | Destroyed Immortal 27807 | -2/Protoforge | Additional patrols dispatched to research labs 27874 | -2/Protoforge | Found Prototype Device 27874 | -2/Protoforge | Identified Exp. Trap Extractor 27894 | -2/Protoforge | Found Prototype Device 27915 | -2/Protoforge | Spotted V823-l 27971 | -2/Protoforge | Lost 3 parts (1p1n1u) 27972 | -2/Protoforge | Destroyed V823-l 27987 | -2/Protoforge | Spotted Immortal 27987 | -2/Protoforge | Spotted Immortal 27987 | -2/Protoforge | Spotted Immortal 27996 | -2/Protoforge | Destroyed Immortal 28020 | -2/Protoforge | Destroyed Immortal 28036 | -2/Protoforge | Destroyed Immortal 28041 | -2/Protoforge | Found Prototype Protection 28060 | -2/Protoforge | Lost 6 parts (1p1n2u2w) 28064 | -2/Protoforge | Found Corrupted Prototype Device 28064 | -2/Protoforge | Identified Exp. Cloaking Device 28142 | -2/Protoforge | Found Cep. Weapon Articulator 28145 | -2/Protoforge | Found Exp. Kinecellerator 28174 | -2/Protoforge | Spotted Immortal 28174 | -2/Protoforge | Spotted Immortal 28200 | -2/Protoforge | Destroyed Immortal 28208 | -2/Protoforge | Destroyed Immortal 28214 | -2/Protoforge | Spotted Decapitator 28214 | -2/Protoforge | Spotted Decapitator 28214 | -2/Protoforge | Spotted Decapitator 28214 | -2/Protoforge | Spotted Decapitator 28218 | -2/Protoforge | Identified Cep. Core Shell 28223 | -2/Protoforge | Found Corrupted Prototype Device 28226 | -2/Protoforge | Found Corrupted Exp. Cloaking Device 28237 | -2/Protoforge | Destroyed Decapitator 28240 | -2/Protoforge | Destroyed Decapitator 28240 | -2/Protoforge | Destroyed Decapitator 28243 | -2/Protoforge | Scanned by Researcher 28247 | -2/Protoforge | Destroyed Decapitator 28284 | -2/Protoforge | Found Cep. Antigrav Storage Unit 28288 | -2/Protoforge | Found Cep. Matter Streamer 28295 | -2/Protoforge | Found Prototype Storage 28295 | -2/Protoforge | Identified Cep. NT7 Matterbank 28322 | -2/Protoforge | Build established: Scavenger-Mutant 28388 | -2/Protoforge | Spotted V564-w 28403 | -2/Protoforge | Found Cep. Plasma Driver 28417 | -2/Protoforge | Core integrity fell below 50% 28418 | -2/Protoforge | Destroyed V564-w 28447 | -2/Protoforge | Lost 3 parts (1p1n1u) 28450 | -2/Protoforge | Forge Plexus network access discovered 28459 | -2/Protoforge | Found Faulty Cep. Miniperforator 28465 | -2/Protoforge | Found Faulty Cep. Miniperforator 28468 | -2/Protoforge | Found Cep. Disintegration Ray 28470 | -2/Protoforge | Found Cep. Disintegration Ray 28475 | -2/Protoforge | Found Cep. Heavy Railcannon 28485 | -2/Protoforge | Found Faulty Cep. Plasma Driver 28492 | -2/Protoforge | Found Faulty Cep. Plasma Driver 28499 | -2/Protoforge | Found Faulty Cep. Plasma Driver 28505 | -2/Protoforge | Found Cep. Lightning Penetrator 28510 | -2/Protoforge | Found Cep. Lightning Penetrator 28611 | -2/Protoforge | Found Exp. Terror Saw 28653 | -2/Protoforge | First assault squad dispatched 28852 | -2/Protoforge | Destroyed 11 combat bots 28959 | -2/Protoforge | Build established: Scavenger-Tank 28989 | -2/Protoforge | Spotted V378-s 29002 | -2/Protoforge | Found Cep. Biometal Exoskeleton 29052 | -2/Protoforge | Spotted Decapitator 29052 | -2/Protoforge | Spotted Decapitator 29052 | -2/Protoforge | Spotted Decapitator 29052 | -2/Protoforge | Spotted Decapitator 29075 | -2/Protoforge | Identified Cep. Antimissile System 29077 | -2/Protoforge | Identified Crosscalibrator 29152 | -2/Protoforge | Spotted Decapitator 29152 | -2/Protoforge | Spotted Decapitator 29152 | -2/Protoforge | Spotted Hotshot 29152 | -2/Protoforge | Spotted Hotshot 29152 | -2/Protoforge | Spotted Hotshot 29152 | -2/Protoforge | Spotted Hotshot 29152 | -2/Protoforge | Spotted Decapitator 29152 | -2/Protoforge | Spotted Decapitator 29161 | -2/Protoforge | Destroyed Hotshot 29168 | -2/Protoforge | Destroyed Decapitator 29173 | -2/Protoforge | Destroyed Decapitator 29176 | -2/Protoforge | Destroyed Decapitator 29179 | -2/Protoforge | Destroyed Decapitator 29182 | -2/Protoforge | Destroyed Hotshot 29189 | -2/Protoforge | Destroyed Hotshot 29202 | -2/Protoforge | Destroyed Hotshot 29206 | -2/Protoforge | Lost 3 parts (1p2w) 29223 | -2/Protoforge | Destroyed 10 combat bots 29251 | -2/Protoforge | Spotted Immortal 29251 | -2/Protoforge | Spotted Immortal 29278 | -2/Protoforge | Destroyed Immortal 29281 | -2/Protoforge | Destroyed Immortal 29310 | -2/Protoforge | Spotted V901-u 29327 | -2/Protoforge | Destroyed V901-u 29332 | -2/Protoforge | Found Prototype Device 29332 | -2/Protoforge | Identified Cep. Countertargeting System 29349 | -2/Protoforge | Found Faulty Cep. Zero-point Core 29360 | -2/Protoforge | Spotted V306-m 29364 | -2/Protoforge | Spotted V645-b 29365 | -2/Protoforge | Spotted V063-s 29383 | -2/Protoforge | Found Faulty Cep. Zero-point Core 29405 | -2/Protoforge | Destroyed V306-m 29408 | -2/Protoforge | Destroyed V645-b 29429 | -2/Protoforge | Destroyed V063-s 29519 | -2/Protoforge | Found Cep. Rapid Grenade Launcher 29535 | -2/Protoforge | Found Faulty Cep. Rapid Grenade Launcher 29642 | -2/Protoforge | Spotted AP7-3 29644 | -2/Protoforge | Destroyed AP7-3 29646 | -2/Protoforge | Spotted AP7-3 29647 | -2/Protoforge | Destroyed AP7-3 29697 | -2/Protoforge | Found Faulty Cep. Cloak Mesh 29703 | -2/Protoforge | Found Faulty Cep. Cloak Mesh 29708 | -2/Protoforge | Found Cep. Impact Drone Bay 29797 | -2/Protoforge | Found Cep. Network Penetrator 29853 | -2/Protoforge | Destroyed 10 combat bots 29924 | -2/Protoforge | Found Transdimensional Reconstructor 29964 | -2/Protoforge | Build established: Tank 29984 | -2/Protoforge | Found Exp. Active Sensor Suite 30050 | -2/Protoforge | Destroyed 10 combat bots 30149 | -2/Protoforge | Destroyed 12 combat bots 30228 | -2/Protoforge | Spotted V001-i 30293 | -2/Protoforge | Found Cep. Hardlight Director 30296 | -2/Protoforge | Found Cep. RG22 Armor 30326 | -2/Protoforge | Found Cep. Beam Splitter 30399 | -2/Protoforge | Spotted V651-z 30433 | -2/Protoforge | Found Prototype Processor 30433 | -2/Protoforge | Identified Exp. Armor Integrity Analyzer 30436 | -2/Protoforge | Spotted V939-w 30447 | -2/Protoforge | Warped through subspace to slip node 30447 | -2/Protoforge | Spotted Decapitator 30447 | -2/Protoforge | Spotted Decapitator 30447 | -2/Protoforge | Spotted Decapitator 30447 | -2/Protoforge | Spotted Decapitator 30450 | -2/Protoforge | Destroyed Decapitator 30450 | -2/Protoforge | Destroyed Decapitator 30450 | -2/Protoforge | Destroyed Decapitator 30453 | -2/Protoforge | Destroyed Decapitator 30498 | -2/Protoforge | Entered Access 30498 | -1/Access | Evolved 2 slots: Utility x2 30641 | -1/Access | Spotted B-99 Colossus 30655 | -1/Access | Identified Subatomic Replicator 30655 | -1/Access | Identified Hpw. Transdimensional Reconstructor 30718 | -1/Access | Unchained authorized (CL-0N3) 30748 | -1/Access | First assault squad dispatched 30850 | -1/Access | Build established: Hacker-Tank 30942 | -1/Access | Identified exit to Command 31244 | -1/Access | Spotted B-99 Colossus 31313 | -1/Access | Build established: Tank 31343 | -1/Access | Crushed by falling debris 31452 | -1/Access | S-43 Plague reconstituted as Alpha 7 31452 | -1/Access | Spotted Alpha 7 31463 | -1/Access | Destroyed Alpha 7 31463 | -1/Access | Alpha 7 reconstituted as CL-0N3 31469 | -1/Access | High security lockdown imminent 31518 | -1/Access | Destroyed 9 combat bots 31549 | -1/Access | High security lockdown engaged 31584 | -1/Access | Crushed by falling debris 31585 | -1/Access | System corruption reached 10% 31607 | -1/Access | Crushed by falling debris 31609 | -1/Access | Crushed by falling debris 31616 | -1/Access | Crushed by falling debris 31621 | -1/Access | Crushed by falling debris 31652 | -1/Access | Lost 7 parts (1n5u1w) 31676 | -1/Access | Spotted B-99 Colossus 31750 | -1/Access | Build established: Mutant 31763 | -1/Access | System corruption reached 30% 31764 | -1/Access | Warped through subspace 31781 | -1/Access | Destroyed B-99 Colossus 31819 | -1/Access | Spotted Executioner 31835 | -1/Access | Spotted Executioner 31839 | -1/Access | Spotted Investigator 31839 | -1/Access | Released all parts (11) 31841 | -1/Access | Self-destructed Last Messages --------------- 31839_ Executioner stasis bubble strength at 175. 31840_ C-45 Heavy ARC bursts open, deploying its payload. 31840_ G-73 Enforcer unfolds itself. 31840_ L-61 Swordsman unfolds itself. 31840_ G-73 Enforcer unfolds itself. 31840_ I-47 Archangel stasis bubble strength at 190. 31840_ B-74 Champion stasis bubble strength at 170. 31840_ Stasis bubble strength at 194. 31840_ L-61 Swordsman stasis bubble strength at 179. 31840_ G-73 Enforcer stasis bubble strength at 177. 31840_ Executioner stasis bubble strength at 150. 31841_ I-47 Archangel stasis bubble strength at 180. Map ----- +----------------------------------------------------+ | #???????????? | | """"" """"" #???????????? | | """"" """"" #???????????? | | #####+########## """"" """"" #???????????? | | ??? ???????# """"" """"" #???????????? | | ?# ?????# """"" """"" #???????????? | | ?# ???# #?????"" | | ?# ?# #?????"" | | ?# ## #?????"" ?? | | ## ## """" #?????"" ???? | | # ## """" #?????"?????? | | # ## """"" #???????????? | | # ## "%""""" #???????????? | | # ## g""""" #???????????? | | # ## #???????????? | | # ## g #???????????? | | ############### Q #???????????? | | #??????????????##########Q###########???????????? | | #????????????????# #?????????????? | | #????????????????# #?????????????? | | #????????????????# b""" " #?????????????? | | #????????????????# ib"""" """ #?????????????? | | ##????????????????#gcg""" """ #?????????????? | | ??????????????????# =!!="! #?????????????? | | ??????????????????# p=%=!%! ##????????????? | | ??????????????????# hi%=@!]! ###???????????? | | ??????????????????# *E!=!!!! # ##??????????? | | ??????????????????###+##p############ ##?????????? | | ????????????????????# lp## ##????????? | | ????????????????????# gE!## ! ##???????? | | ????????????????????# lgR## """""# ######??? | | ????????????#########b%g ## """""## #??? | | ????????? / """""## #??? | | ????????????###### %i ## """""## #??? | | ?????????????????#^t g ## """""## ==! #??? | | ?????????????????+ ## ?? ???# ==! #??? | | ?????????????????# ^ ## ?????# =!! #??? | | ?????????????????# #? ??? ???# #??? | | ?????????????????# #??????? ??# ! #??? | | ?????????????????# #??????? ? ???# #??? | | ?????????????????# ########+##+#??# ! #??? | | ?????????????????# #??# #??? | | ?????????????????# ##### ##### #??# #??? | | ?????????????????#+???? ???# ######+###??? | | ??????????????????????? ???# #??? | | ??????????????????????? ???# #??? | | ??????????????????????? ???# #??? | | ??????????????????????? ???# ^ #??? | | ??????????????????????? ???# ^" #??? | | ??????????????????????# ??# ^ """ ###??# | +----------------------------------------------------+ Best States ------------- Heat Dissipation 208 Coolant Potential 100 Energy Generation 73 Energy Capacity 2690 Matter Stores 300 Matter Capacity 300 Sight Range 24 Robot Scan Range 20 Terrain Scan Range 20 Terrain Scan Density 210 ECM Strength 3 Jamming Range 16 Cloak Strength 9 Additional Mass Support 20 Base Temperature (-) 200 Armor Coverage 825 Resistance: TH 75 Core Shielding 90 Power Shielding 90 Point Defense Rating 480 Weapon Cycling 20 Phase Shifting 10 Evasion (%) 70 Targeting Accuracy 54 Target Analysis 6 Core Analysis 8 Armor Integrity Analysis 50 Recoil Reduction 4 Matter Filtering 50 Particle Charging 30 Kinecelleration 40 Offensive Hacking 50 Trap Extractor Capacity 8 Item Schematics ----------------- Assault Drone Bay | -5/Zhirov | Free Exp. Heat Sink | -5/Zhirov | Free Exp. Optical Array | -5/Zhirov | Free Imp. Arc Thrower | -5/Zhirov | Free Hds. Centrium Wheel | -2/Testing | Archive Exp. Target Analyzer | -2/Testing | Archive Helical Railgun | -2/Testing | Archive Cld. Phase Gun | -2/Testing | Archive Cld. Antigrav System | -2/Testing | Archive Cld. Linear Gravjet | -2/Testing | Archive Exp. Melee Analysis Suite | -2/Testing | Archive Exp. Focal Shield | -2/Testing | Archive Exp. System Shield | -2/Testing | Archive Imp. Quantum Reactor | -2/Protoforge | Archive Exp. EM Disruption Field | -2/Protoforge | Archive Prc. Phase Gun | -2/Protoforge | Archive Cld. Phase Cannon | -2/Protoforge | Archive Com. Mass Driver | -2/Protoforge | Archive Robot Schematics ------------------ Y-72 Warden | -2/Testing | Archive M-36 Artificer | -2/Testing | Archive H-88 Terminator | -2/Protoforge | Archive R-10 Processor | -2/Protoforge | Archive Fabricated ------------ Nothing Repaired ---------- Nothing Studied --------- Lgt. Treads | -8/Materials | Hacked Carbon-fiber Leg | -8/Materials | Hacked VSS Leg | -8/Materials | Hacked Rocket Launcher | -8/Materials | Hacked Angular Momentum Engine | -7/Factory | Hacked Arm. Leg | -5/Factory | Hacked Adv. VSS Leg | -4/Factory | Hacked Lgt. Antimatter Reactor | -4/Factory | Hacked Biometal Leg | -3/Quarantine | Hacked Alien Tech Used ----------------- Integrated Dissipator Sigix Broadsword Dimensional Node Initializer Transdimensional Reconstructor High-powered Transdimensional Reconstructor Achievements -------------- None Challenges ------------ None Game ------ Seed ProtonTerrorMount Manual? 0 Play Time 05:33:55 Cumulative 610.7 hours Start 2025.11.27 @ 01:13:15 End 2025.11.30 @ 17:42:30 Sessions 10 Manual Loads 0 Difficulty Rogue Special Mode None Game No. 312 Rogue 312 Adventurer 0 Explorer 0 Win Type - Total 30 Types 14/2/8/1/1/0/1/1/1/1 Lore% 94 Gallery% 91 Achievement% 83 Wizard Run 0 Options --------- Layout 2 ASCII 1 Keyboard 1 Movement Vi Keybinds 0 Fullscreen 1 Font 28/Terminus Map View 50x52 Zoom Use 0% Tactical HUD 1 Map Filters NONE Filters NONE Steam 1 RUN: 0a76ba00-d587-40f4-9b67-62f5ba8bdd2e